 Dungeon Crawl Stone Soup version 0.30-a0-141-g30f27751c5 (webtiles) character file.

Game seed: 6538652441207110775

544276 qw the Slayer (level 26, -4/184 HPs)
             Began as a Gargoyle Fighter on Sept 24, 2022.
             Was a High Priest of Okawaru.
             Killed by divine providence
             ... invoked by a white draconian stormcaller
              (10 damage)
             ... on level 1 of the Realm of Zot.
             The game lasted 00:31:31 (56787 turns).

qw the Slayer (Gargoyle Fighter)                   Turns: 56787, Time: 00:31:32

Health: -4/184     AC: 59    Str: 34    XL:     26   Next: 9%
Magic:  30/30      EV: 39    Int: 10    God:    Okawaru [*****.]
Gold:   6639       SH: 27    Dex: 15    Spells: 25/25 levels left

rFire   + . .      SeeInvis +    A - +9 broad axe (vamp)
rCold   . . .      Faith    .    I - +2 tower shield
rNeg    + . .      Spirit   .    W - +4 plate armour {Will+}
rPois   inf        Reflect  .    J - +0 helmet "Zimp" {rPois rF+ Dex+3 Slay+3}
rElec   +          Harm     .    B - +2 cloak {rCorr}
rCorr   +          Rampage  .    D - +0 pair of gloves of the Untouchables {Dex+4 SInv}
Will    ++...                    g - +2 pair of boots {Fly}
Stlth   ..........               h - amulet of the acrobat
HPRegen 0.40/turn                E - +4 ring of evasion
MPRegen 0.22/turn                t - +4 ring of evasion

@: about to teleport, heroic, acrobatic, flying
A: sickness immunity, AC +20, big wings, negative energy resistance 1,
electricity resistance, torment resistance 1, petrification resistance, strong 1
}: 3/15 runes: decaying, silver, gossamer
a: Renounce Religion, Heroism, Finesse, Duel


You were on level 1 of the Realm of Zot.
You worshipped Okawaru.
Okawaru was extremely pleased with you.
You visited 9 branches of the dungeon, and saw 41 of its levels.
You visited the Abyss 2 times.

You collected 7973 gold pieces.
You spent 1334 gold pieces at shops.


Innate Abilities, Weirdness & Mutations

You are immune to sickness and miasma.
Your stone body is resilient. (AC +20)
You are immune to poison.
Your large and strong wings let you fly.
You resist negative energy. (rN+)
You are resistant to electric shocks. (rElec)
You are resistant to unholy torment.
You are immune to petrification.
Your muscles are strong. (Str +4, Int/Dex -1)


   Skills:
 - Level 24.0(27) Fighting
 - Level 18.0(23.0) Axes
 + Level 13.1(18.1) Throwing
 - Level 22.0(27) Armour
 - Level 10.1(15.1) Dodging
 - Level 22.0(27) Shields
 - Level 10.0 Invocations


You had 25 spell levels left.
You didn't know any spells.
Your spell library was empty.

Inventory:

Hand Weapons
 A - a +9 vampiric broad axe (weapon)
Missiles
 o - 6 javelins
 y - a silver javelin (quivered)
 N - 10 boomerangs
 V - 4 silver boomerangs
Armour
 g - a +2 pair of boots of flying (worn)
 i - the +2 hat of Context {Str+7 Dex+5}
   (Okawaru gifted it to you on level 5 of the Vaults)

   Str:       It affects your strength (+7).
   Dex:       It affects your dexterity (+5).
 n - the +4 dragonskin cloak
   (You took it off Tiamat on level 1 of the Realm of Zot)

   It grants the wearer a chance to resist fire, cold, poison, electricity,
   acid, and negative energy.
 p - the +1 pair of gloves of the Ant {*Slow rN+++ Will- Str+6}
   (Okawaru gifted it to you on level 3 of the Spider Nest)

   Str:       It affects your strength (+6).
   rN:        It renders you almost immune to negative energy.
   *Slow:     It may slow you when you take damage.
   Will:      It decreases your willpower.
 u - the +4 skin of Zhor {*Englaciate rC+++ SInv}
   (You found it on level 3 of the Lair of Beasts)

   It radiates cold, occasionally slowing all nearby creatures who are not
   resistant to cold.
   rC:        It renders you almost immune to cold.
   SInv:      It lets you see invisible.
 x - the +2 hat "Qusasyd" {Rampage rC+ rCorr MP-9}
   (You found it on level 2 of the Spider Nest)

   rC:        It protects you from cold.
   MP:        It affects your magic capacity (-9).
   rCorr:     It protects you from acid and corrosion.
   Rampage:   It bestows one free step when moving towards enemies.
 z - the +1 pair of gloves of Gluttony {rPois rCorr Str+3}
   (Okawaru gifted it to you on level 4 of the Lair of Beasts)

   Str:       It affects your strength (+3).
   rPois:     It protects you from poison.
   rCorr:     It protects you from acid and corrosion.
 B - a +2 cloak of preservation (worn)
 C - the +10 crystal plate armour of the Shouting Gods {Fly Str+5}
   (Okawaru gifted it to you on level 1 of the Realm of Zot)

   Str:       It affects your strength (+5).
   Fly:       It grants you flight.
 D - the +0 pair of gloves of the Untouchables (worn) {Dex+4 SInv}
   (Okawaru gifted it to you on level 13 of the Dungeon)

   Dex:       It affects your dexterity (+4).
   SInv:      It lets you see invisible.
 F - the +0 pair of boots "Nenwol" {+Inv rF+ Str-2}
   (Okawaru gifted it to you on level 15 of the Dungeon)

   Str:       It affects your strength (-2).
   rF:        It protects you from fire.
   +Inv:      It lets you turn invisible.
 H - +0 ice dragon scales
 I - a +2 tower shield (worn)
 J - the +0 helmet "Zimp" (worn) {rPois rF+ Dex+3 Slay+3}
   (Okawaru gifted it to you on level 3 of the Swamp)

   Dex:       It affects your dexterity (+3).
   Slay:      It affects your accuracy & damage with ranged weapons and melee
   (+3).
   rF:        It protects you from fire.
   rPois:     It protects you from poison.
 K - the +2 pair of gloves of Ignis's Hope {Rampage rC+ Dex+2}
   (You found it on level 4 of the Swamp)

   Dex:       It affects your dexterity (+2).
   rC:        It protects you from cold.
   Rampage:   It bestows one free step when moving towards enemies.
 M - a +2 chain mail of fire resistance
 Q - the +11 chain mail of the Wilderness {Harm rN+}
   (You found it on level 5 of the Vaults)

   rN:        It protects you from negative energy.
   Harm:      It increases damage dealt and taken.
 S - the +2 chain mail "Duifof" {+Inv rCorr Str+4 Dex-4}
   (Okawaru gifted it to you on level 5 of the Vaults)

   Str:       It affects your strength (+4).
   Dex:       It affects your dexterity (-4).
   +Inv:      It lets you turn invisible.
   rCorr:     It protects you from acid and corrosion.
 W - a +4 plate armour of willpower (worn)
Jewellery
 c - an amulet of regeneration
 h - an amulet of the acrobat (around neck)
 q - the ring "Teocoes" {rC+ Will- rCorr Int+3}
   (You acquired it on level 2 of the Vaults)

   [ring of resist corrosion]

   Int:       It affects your intelligence (+3).
   rC:        It protects you from cold.
   rCorr:     It protects you from acid and corrosion.
   Will:      It decreases your willpower.
 r - the ring of Res Nullius {rF+ Dex+4 SInv}
   (You found it on level 3 of the Depths)

   [ring of see invisible]

   Dex:       It affects your dexterity (+4).
   rF:        It protects you from fire.
   SInv:      It lets you see invisible.
 t - a +4 ring of evasion (right hand)
 v - a ring of resist corrosion
 E - a +4 ring of evasion (left hand)
 G - a ring of protection from cold
 L - a ring of protection from cold
 O - the ring of Fatigue {rF+ rCorr Int-3 Dex+2 SInv}
   (You acquired it on level 4 of the Depths)

   [ring of see invisible]

   Int:       It affects your intelligence (-3).
   Dex:       It affects your dexterity (+2).
   rF:        It protects you from fire.
   SInv:      It lets you see invisible.
   rCorr:     It protects you from acid and corrosion.
 T - the ring of Veuw {Drain rElec MP+9 Dex+3 SInv}
   (You took it off an orc warrior on level 5 of the Vaults)

   [ring of see invisible]

   Dex:       It affects your dexterity (+3).
   rElec:     It insulates you from electricity.
   MP:        It affects your magic capacity (+9).
   SInv:      It lets you see invisible.
   Drain:     It drains your maximum health when unequipped.
Scrolls
 e - 18 scrolls of identify
 j - 12 scrolls of teleportation
Potions
 a - 5 potions of cancellation
 b - 9 potions of lignification
 d - 11 potions of might
 f - 17 potions of curing
 k - 2 potions of resistance
 l - 11 potions of haste
 s - 9 potions of attraction
 w - 2 potions of magic
 R - 2 potions of mutation

Dungeon Overview and Level Annotations

Branches:
Dungeon (15/15)            Temple (1/1) D:6            Lair (5/5) D:11
  Swamp (4/4) Lair:3       Spider (4/4) Lair:3        Slime (0/5) Lair:5
    Orc (2/2) D:11         Vaults (5/5) D:14          Crypt (0/3) Vaults:2
 Depths (4/4) D:15            Zot (1/5) Depths:4
    Elf: Orc:2

Altars:
Ashenzari
Dithmenos
Elyvilon
Fedhas
Gozag
Hepliaklqana
Kikubaaqudgha
Makhleb
Nemelex Xobeh
Okawaru
Ru
Sif Muna
Vehumet
Wu Jian
Xom
Yredelemnul
Zin

Shops:
D:6 [   Orc:1 =   Orc:2 :!![   Vaults:1 (   Vaults:4 *

Portals:
Hell: Depths:1 Depths:2 Depths:3 Depths:4
Abyss: Swamp:4 Depths:3 Depths:4
Pandemonium: Depths:1 Depths:2
Ziggurat: Depths:1

Annotations:
D:4 3 runed translucent doors, qw's ghost, amateur GrFi
Lair:5 1 runed translucent door, Wolly's ghost, journeyman CeHs
Swamp:4 2 transporters, xfalz's ghost, journeyman GnSk
Spider:4 1 runed translucent door, Vubreenic's ghost, adept CeHu
Vaults:1 2 transporters, 3 runed translucent doors, TPoD's ghost, adept HOMo
Vaults:2 3 runed translucent doors, royokou's ghost, veteran MiFi
Vaults:4 3 runed translucent doors, Getoffmy's ghost, veteran GrFi
Depths:4 1 runed translucent door


Message History

The wind drake flaps its wings at you. The air twists around and strikes you.
The white draconian stormcaller calls down the wrath of Qazlal upon you.
Qazlal smites you! You block the death drake's attack.
You slice the wind drake!!
You kill the wind drake!
The wind drake's corpse disappears in a puff of smoke!
You slash the death drake! You hit the wind drake.
The wind drake completely misses you.
The white draconian stormcaller calls down the wrath of Qazlal upon you.
Qazlal smites you!
The death drake bites you but does no damage.
You hit the death drake but do no damage.
The death drake is lightly wounded.
You slash the wind drake! You block the wind drake's attack.
The death drake barely misses you.
You open the wind drake like a pillowcase!!!
The wind drake is almost dead.
You chop the death drake into pieces!!! You slash the wind drake!
The white draconian stormcaller invokes the aid of Qazlal against you.
Qazlal smites you! You block the wind drake's attack. x2
The death drake completely misses you.
You slice the wind drake!!
You kill the wind drake!
The wind drake's corpse disappears in a puff of smoke!
You slice the wind drake!! You slash the death drake!
The white draconian stormcaller mumbles some strange prayers to Qazlal against you.
Qazlal smites you! The wind drake flaps its wings at you.
The air twists around and strikes you.
You carve the death drake like a ham!!!
You kill the death drake!
The death drake's corpse disappears in a puff of smoke!
You miss the wind drake.
You open the wind drake like a pillowcase!!!
You kill the wind drake!
The wind drake's corpse disappears in a puff of smoke!
The white draconian stormcaller mumbles some strange prayers to Qazlal against you.
Qazlal smites you!
You die...

#........ #.......
#######....# #..#.......#
#..........##
#....###....## #
#..#####..#..#### .# #.##
#...#.....###.### #
##.#####.@.#..####.....###
#..##.....................
#..##..###.........)......
#..##..#q#.....)))........
#..##..###...###~~~~~~###.
#..##........#q#~)~~~~#q#?
#..##........###~~~~~~###.
#..#####.....~(~(..}..~~~.
#..###q#.....~~~..>...~~~.


You could see 2 draconians.

Vanquished Creatures
  Tiamat (Zot:1)
  Mara (Depths:3)
  4 juggernauts
  Bai Suzhen (Vaults:5)
  A caustic shrike (Depths:2)
  A golden dragon (Depths:3)
  A profane servitor (Abyss:4)
  Jory (Vaults:2)
  A bone dragon (Swamp:4)
  A hellephant (Abyss:4)
  Jorgrun (D:14)
  5 tentacled monstrosities
  Rupert (D:14)
  2 walking crystal tomes (Depths:3)
  2 liches (Abyss:4)
  7 titans
  A walking divine tome (Depths:3)
  4 quicksilver dragons
  A death cob (Zot:1)
  2 tentacled starspawn (Abyss:4)
  5 sphinxes
  4 tengu reavers
  Donald (Swamp:2)
  Kirke (Lair:3)
  6 shadow dragons
  4 storm dragons
  2 draconian knights
  6 frost giants
  A deep elf sorcerer (Vaults:5)
  7 fire giants
  Louise (D:14)
  4 draconian scorchers
  An iron dragon (Depths:3)
  2 cacodemons
  21 vault wardens
  6 ghost moths
  2 orc warlords
  2 draconian shifters
  A balrug (Depths:1)
  6 emperor scorpions
  5 ghouls
  4 draconian stormcallers (Zot:1)
  3 draconian annihilators (Zot:1)
  A reaper (Abyss:4)
  5 war gargoyles
  4 broodmothers
  A stone giant (shapeshifter) (Vaults:5)
  22 ironbound preservers
  21 stone giants
  6 ironbound thunderhulks
  A green draconian (Zot:1)
  34 very ugly things
  9 eleionomae
  3 purple draconians (Zot:1)
  6 yellow draconians
  Azrael (D:15)
  5 white draconians
  3 black draconians (Zot:1)
  2 red draconians (Zot:1)
  6 dire elephants
  4 spark wasps
  3 deep elf annihilators (Vaults:5)
  9 bunyips
  8 fire dragons
  Josephine (Lair:5)
  15 ettins
  2 blizzard demons
  10 ice dragons
  18 yaktaur captains
  Fannar (D:12)
  A deep elf high priest (Vaults:5)
  A hell beast (Depths:1)
  4 entropy weavers
  A spriggan zombie (Abyss:3)
  3 great orbs of eyes
  Erolcha (D:12)
  3 rakshasas (Depths:2)
  17 hydras
  43 vault guards
  A spriggan air mage (Depths:3)
  A catoblepas (D:13)
  2 peacekeepers
  2 jorogumos (Spider:4)
  7 ironbound frosthearts
  3 radroaches
  4 ghost crabs
  9 ogre magi
  8 boulder beetles
  6 tengu warriors
  12 centaur warriors
  15 alligators
  An anaconda (shapeshifter) (Depths:1)
  12 two-headed ogres
  5 deep troll shamans
  3 spriggan berserkers
  7 death scarabs (Spider:4)
  11 deep troll earth magi
  A vampire mage (Depths:2)
  13 death yaks
  A wretched star (Abyss:3)
  6 hell knights (Depths:3)
  Sonja (Lair:4)
  A soul eater (Depths:1)
  3 thrashing horrors (Abyss:4)
  A fire crab (Lair:5)
  A death drake (Swamp:4)
  A sixfirhy (Abyss:4)
  A titan skeleton (Vaults:2)
  5 iron trolls
  10 skeletal warriors
  6 steelbarb worms
  3 goliath frogs
  4 flayed ghosts
  3 glowing orange brains
  6 orb spiders
  7 pharaoh ants
  64 deep trolls
  4 spriggan druids
  A steelbarb worm (shapeshifter) (Vaults:5)
  A spectral hydra (Swamp:4)
  A spriggan simulacrum (Abyss:4)
  A shadow dragon zombie (Depths:3)
  20 ironbound convokers
  3 lindwurms (Vaults:1)
  7 phantasmal warriors
  8 wizards
  An orange crystal statue (Vaults:2)
  11 bog bodies
  A spectral jorogumo (Spider:4)
  A deep elf zephyrmancer (D:15)
  A sphinx zombie (Depths:3)
  3 swamp dragons
  10 orc knights
  A harpy (shapeshifter) (Vaults:5)
  8 necromancers
  A tengu skeleton (Vaults:2)
  A mana viper (shapeshifter) (Vaults:5)
  48 ugly things
  3 will-o-the-wisps
  4 deep elf pyromancers
  2 oklob plants (Lair:5)
  12 orc sorcerers
  25 wolf spiders
  8 elephants (Lair:4)
  3 manticores
  11 moths of wrath
  A shadow dragon skeleton (Vaults:3)
  2 centaur zombies (D:15)
  3 worldbinders
  6 cyclopes
  Maurice (D:12)
  4 human skeletons (Vaults:2)
  A fire giant zombie (Vaults:3)
  5 smoke demons
  A fire giant skeleton (Vaults:2)
  A stone giant skeleton (Vaults:2)
  A rust devil (Depths:2)
  17 vault sentinels
  6 black mambas
  5 gargoyles
  2 orange demons (Abyss:4)
  A rime drake (shapeshifter) (Depths:3)
  4 efreet
  Psyche (D:10)
  3 swamp worm zombies (Swamp:4)
  5 torpor snails
  12 demonic crawlers
  2 kobold demonologists (D:13)
  12 cane toads
  3 freezing wraiths (Vaults:5)
  2 unseen horrors (D:11)
  7 rime drakes
  11 komodo dragons
  3 tengu conjurers
  2 ice devils (D:12)
  2 spectral redbacks (Spider:4)
  45 yaktaurs
  2 redback zombies (Spider:4)
  3 meliai (Lair:4)
  A bloated husk (Swamp:1)
  A yaktaur skeleton (Vaults:3)
  4 ancient zymes
  4 hydra zombies (Swamp:4)
  3 polar bears
  A wolf spider simulacrum (D:15)
  14 trolls
  A shadow dragon simulacrum (Depths:3)
  2 spectral jumping spiders (Spider:4)
  8 tyrant leeches
  A spectral tarantella (Spider:4)
  A tengu simulacrum (Depths:3)
  A harpy skeleton (D:15)
  22 slime creatures
  38 tarantellas
  A spectral culicivora (Spider:4)
  22 hornets
  10 blink frogs
  3 alligator zombies (Swamp:4)
  8 raiju (Abyss:4)
  13 dream sheep
  A jumping spider zombie (Spider:4)
  20 jumping spiders
  3 tarantella zombies (Spider:4)
  4 spectral swamp dragons (Swamp:4)
  9 starcursed masses
  2 vampires
  3 flying skulls (Abyss:4)
  2 shadows
  3 centaur simulacra
  26 culicivoras
  30 spriggans
  3 hogs (Lair:3)
  4 water elementals (D:14)
  8 wraiths
  46 yaks
  5 wyverns
  18 humans
  3 steam dragons
  6 basilisks
  3 fire elementals (D:15)
  Grum (D:8)
  71 redbacks
  A redback simulacrum (D:13)
  A chaos spawn (Abyss:4)
  11 swamp worms
  3 vampire mosquitoes (D:10)
  2 elf skeletons (Vaults:2)
  A neqoxec (Abyss:4)
  6 wargs
  A glowing shapeshifter zombie (Depths:3)
  An acid dragon (D:9)
  Duvessa (D:5)
  14 water moccasins
  3 hell hounds (D:15)
  A floating eye (Depths:2)
  An ogre skeleton (Vaults:2)
  2 swamp drakes
  17 orc warriors
  3 swamp dragon zombies (Swamp:4)
  3 ice beasts
  2 glowing shapeshifter skeletons (Vaults:2)
  6 black bears
  3 sky beasts
  12 boggarts
  9 ogres
  33 wolves
  5 large abominations
  10 centaurs
  A phantom (D:5)
  A kobold brigand (D:9)
  10 bullfrogs
  2 gnoll sergeants
  4 necrophages
  A wyvern zombie (D:5)
  35 scorpions
  12 wights
  A glowing shapeshifter simulacrum (Vaults:3)
  Dowan (D:5)
  28 killer bees
  9 electric eels
  4 howler monkeys
  2 bullfrog zombies (D:5)
  A crimson imp (D:9)
  A human zombie (D:5)
  A quasit (Abyss:4)
  12 hounds
  20 orc priests
  A gnoll bouda (D:9)
  2 jellies
  31 orc wizards
  3 spectral swamp drakes (Swamp:4)
  7 iguanas
  5 hell rats (Lair:4)
  2 small abominations (Abyss:4)
  A hound zombie (D:5)
  2 mummies (D:5)
  A howler monkey zombie (D:5)
  9 gnolls
  8 adders
  A river rat (Lair:4)
  A shadow imp (D:7)
  2 white imps
  An ufetubus (D:7)
  2 adder zombies (D:5)
  2 dart slugs
  71 orcs
  10 endoplasms
  5 giant cockroaches
  6 goblins
  8 hobgoblins
  4 jackals (D:2)
  4 quokkas
  9 ball pythons
  7 bats
  5 frilled lizards
  14 kobolds
  6 rats
  2 starspawn tentacles (Abyss:4)
1993 creatures vanquished.

Vanquished Creatures (others)
  A dread lich (Vaults:5)
  A green draconian (Zot:1)
  An alligator (Swamp:1)
  A bog body (Swamp:1)
  A phantasmal warrior (Swamp:4)
  A tyrant leech (Swamp:1)
  7 bloated husks
  4 phantoms (Swamp:4)
  2 orc wizards (Orc:2)
  18 foxfires
  53 fungi
  A lurking horror (Abyss:4)
  64 plants
  5 starspawn tentacles (Abyss:4)
  2 withered plants (Lair:5)
162 creatures vanquished.

Grand Total: 2155 creatures vanquished

Notes
Turn   | Place    | Note
-------+----------+-------------------------------------------
     0 | D:1      | qw the Gargoyle Fighter began the quest for the Orb.
     0 | D:1      | Reached XP level 1. HP: 14/14 MP: 1/1
     0 | D:1      | 0 ||| qw: Version: 0.1.0-9-gbc19398
     0 | D:1      | 0 ||| qw: Game counter: 56
     0 | D:1      | 0 ||| qw: Always use a shield: true
     0 | D:1      | 0 ||| qw: God list: Okawaru
     0 | D:1      | 0 ||| qw: Allow faded altars: false
     0 | D:1      | 0 ||| qw: Do Orc after D:15 true
     0 | D:1      | 0 ||| qw: Do second Lair branch before Depths: true
     0 | D:1      | 0 ||| qw: Lair rune preference: random
     0 | D:1      | 0 ||| qw: Plans: Normal, Zot:1-4, God:TSO, Crypt, Tomb,
                  | Pan, Slime:5, Hells, Abyss, Orb
     0 | D:1      | 0 ||| PLANNING D:1-11
    85 | D:1      | 85 ||| Stepping ~*~*~tactically~*~*~ (stealth).
    86 | D:1      | 86 ||| Stepping ~*~*~tactically~*~*~ (stealth).
    88 | D:1      | 88 ||| Stepping ~*~*~tactically~*~*~ (stealth).
   155 | D:1      | Reached XP level 2. HP: 19/19 MP: 2/2
   446 | D:1      | Reached skill level 3 in Axes
   503 | D:1      | Reached XP level 3. HP: 20/23 MP: 3/3
   817 | D:1      | 817 ||| READING scroll labelled ENOBISSILU.
   918 | D:1      | 918 ||| READING scroll labelled FEBLED GAEV.
   919 | D:1      | 919 ||| READING scroll labelled EHAMOU JIAM.
   920 | D:1      | 920 ||| READING scroll labelled VYDYES YLEM.
   921 | D:1      | 921 ||| DRINKING 3 black potions.
   922 | D:1      | 922 ||| DRINKING 2 emerald potions.
   922 | D:1      | Gained mutation: Your body sometimes deteriorates upon
                  | taking damage. [potion of mutation]
   922 | D:1      | Gained mutation: You are dopey. (Int -2) [potion of
                  | mutation]
   922 | D:1      | Gained mutation: You are robust. (+10% HP) [potion of
                  | mutation]
  1046 | D:2      | 1046 ||| Stepping ~*~*~tactically~*~*~ (stealth).
  1047 | D:2      | 1047 ||| Stepping ~*~*~tactically~*~*~ (stealth).
  1423 | D:2      | Reached XP level 4. HP: 27/30 MP: 4/4
  1502 | D:2      | 1502 ||| DROPPING +0 club.
  1608 | D:2      | Found a faded altar of an unknown god.
  1747 | D:2      | 1747 ||| Stepping ~*~*~tactically~*~*~ (stealth).
  2048 | D:2      | 2048 ||| UPGRADING to +0 plate armour.
  2058 | D:2      | 2058 ||| DROPPING +0 scale mail.
  2059 | D:2      | 2059 ||| READING scroll labelled BEDDIT VITWECO.
  2060 | D:2      | 2060 ||| READING 2 scrolls labelled ZAMPIT RUDUIRYR.
  2065 | D:2      | 2065 ||| READING scroll labelled UZEUQE FOLARY.
  2066 | D:2      | 2066 ||| READING 3 scrolls labelled FUYCRI GOAD.
  2067 | D:2      | 2067 ||| READING 2 scrolls of enchant weapon.
  2067 | D:2      | 2067 ||| ENCHANTING +1 war axe.
  2068 | D:2      | 2068 ||| READING scroll of enchant weapon.
  2068 | D:2      | 2068 ||| ENCHANTING +2 war axe.
  2069 | D:2      | 2069 ||| READING scroll labelled GAMNYA RYOH.
  2085 | D:3      | 2085 ||| Stepping ~*~*~tactically~*~*~ (hiding).
  2088 | D:3      | 2088 ||| Stepping ~*~*~tactically~*~*~ (hiding).
  2089 | D:3      | 2089 ||| Stepping ~*~*~tactically~*~*~ (hiding).
  2090 | D:3      | 2090 ||| Stepping ~*~*~tactically~*~*~ (hiding).
  2091 | D:3      | 2091 ||| Stepping ~*~*~tactically~*~*~ (hiding).
  2093 | D:3      | 2093 ||| Stepping ~*~*~tactically~*~*~ (hiding).
  2093 | D:3      | Found a white marble altar of Elyvilon.
  2094 | D:3      | 2094 ||| Stepping ~*~*~tactically~*~*~ (hiding).
  2111 | D:3      | Reached XP level 5. HP: 11/35 MP: 5/5
  2331 | D:3      | 2331 ||| Stepping ~*~*~tactically~*~*~ (stealth).
  2586 | D:3      | 2586 ||| READING scroll of enchant weapon.
  2586 | D:3      | 2586 ||| ENCHANTING +3 war axe.
  2609 | D:3      | Reached skill level 4 in Fighting
  2611 | D:3      | Reached XP level 6. HP: 16/41 MP: 6/6
  2805 | D:3      | 2805 ||| DROPPING +0 whip.
  2984 | D:3      | Found a blossoming altar of Fedhas.
  3134 | D:3      | 3134 ||| UPGRADING to ring of willpower.
  3135 | D:3      | 3135 ||| READING scroll labelled NEBLEZ ZONI.
  3136 | D:3      | 3136 ||| READING scroll labelled LEESHR LEPPO.
  3137 | D:3      | 3137 ||| READING scroll labelled OBIDUKY YNAPN.
  3138 | D:3      | 3138 ||| DRINKING 2 murky cyan potions.
  3139 | D:3      | 3139 ||| READING 2 scrolls of identify.
  3139 | D:3      | 3139 ||| IDENTIFYING gluggy clear potion
  3228 | D:4      | Found an ornate altar of the Wu Jian Council.
  3247 | D:4      | 3247 ||| Stepping ~*~*~tactically~*~*~ (stealth).
  3273 | D:4      | 3273 ||| Stepping ~*~*~tactically~*~*~ (stealth).
  3278 | D:4      | 3278 ||| Stepping ~*~*~tactically~*~*~ (stealth).
  3397 | D:4      | Found a runed translucent gate.
  3397 | D:4      | Found a runed translucent gate.
  3397 | D:4      | Found a runed translucent gate.
  3399 | D:4      | Identified the +0 leather armour of Elitism {rF+ Will+
                  | Int-2}
  3400 | D:4      | Noticed qw's ghost (amateur GrFi)
  3415 | D:4      | 3415 ||| READING scroll of enchant weapon.
  3415 | D:4      | 3415 ||| ENCHANTING +4 war axe.
  3431 | D:4      | You fall into a shaft and drop 1 floor!
  3431 | D:5      | Entered Level 5 of the Dungeon
  3521 | D:5      | 3521 ||| Stepping ~*~*~tactically~*~*~ (stealth).
  3525 | D:5      | 3525 ||| Stepping ~*~*~tactically~*~*~ (stealth).
  3528 | D:5      | 3528 ||| Stepping ~*~*~tactically~*~*~ (stealth).
  3529 | D:5      | 3529 ||| Stepping ~*~*~tactically~*~*~ (stealth).
  3540 | D:5      | Reached skill level 6 in Axes
  3616 | D:5      | Reached XP level 7. HP: 37/47 MP: 7/7
  3864 | D:5      | Found a shadowy altar of Dithmenos.
  3872 | D:5      | 3872 ||| UPGRADING to ring of protection from fire.
  3873 | D:5      | 3873 ||| READING scroll labelled WEUL NEBAWEI.
  3874 | D:5      | 3874 ||| READING 3 scrolls of identify.
  3874 | D:5      | 3874 ||| IDENTIFYING fizzy green potion
  3875 | D:5      | 3875 ||| READING 2 scrolls of identify.
  3875 | D:5      | 3875 ||| IDENTIFYING red potion
  3876 | D:5      | 3876 ||| DROPPING potion of flight.
  3886 | D:5      | Noticed Duvessa
  3887 | D:5      | 3887 ||| Stepping ~*~*~tactically~*~*~ (stealth).
  3893 | D:5      | Noticed Dowan
  3896 | D:5      | Killed Duvessa
  3897 | D:5      | Reached skill level 5 in Fighting
  3898 | D:5      | Killed Dowan
  3988 | D:4      | Reached XP level 8. HP: 29/53 MP: 8/8
  4178 | D:4      | Reached skill level 1 in Dodging
  4296 | D:4      | Reached skill level 1 in Throwing
  4555 | D:4      | 4555 ||| UPGRADING to amulet of the acrobat.
  4560 | D:4      | 4560 ||| READING scroll labelled QOTOTT DUXAH.
  4560 | D:4      | Identified a scroll of acquirement
  4560 | D:4      | 4560 ||| ACQUIRING +2 pair of boots of flying
  4560 | D:4      | Acquired a +2 pair of boots of flying
  4562 | D:4      | 4562 ||| UPGRADING to +2 pair of boots of flying.
  4567 | D:4      | 4567 ||| DRINKING 2 white potions.
  4568 | D:4      | 4568 ||| DROPPING potion of magic.
  4908 | D:5      | Found a basalt altar of Yredelemnul.
  5156 | D:5      | 5156 ||| DRINKING 2 murky black potions.
  5195 | D:6      | Reached skill level 6 in Fighting
  5331 | D:6      | Noticed a wyvern
  5340 | D:6      | Killed a wyvern
  5341 | D:6      | Reached XP level 9. HP: 36/60 MP: 9/9
  5473 | D:6      | 5473 ||| Stepping ~*~*~tactically~*~*~ (hiding).
  5490 | D:6      | 5490 ||| Stepping ~*~*~tactically~*~*~ (stealth).
  5491 | D:6      | 5491 ||| Stepping ~*~*~tactically~*~*~ (stealth).
  5496 | D:6      | 5496 ||| Stepping ~*~*~tactically~*~*~ (stealth).
  5544 | D:6      | 5544 ||| Stepping ~*~*~tactically~*~*~ (stealth).
  5545 | D:6      | 5545 ||| Stepping ~*~*~tactically~*~*~ (stealth).
  5548 | D:6      | 5548 ||| Stepping ~*~*~tactically~*~*~ (stealth).
  5549 | D:6      | 5549 ||| Stepping ~*~*~tactically~*~*~ (stealth).
  5554 | D:6      | 5554 ||| Stepping ~*~*~tactically~*~*~ (stealth).
  5555 | D:6      | 5555 ||| Stepping ~*~*~tactically~*~*~ (stealth).
  5561 | D:6      | 5561 ||| Stepping ~*~*~tactically~*~*~ (stealth).
  5562 | D:6      | 5562 ||| Stepping ~*~*~tactically~*~*~ (stealth).
  5565 | D:6      | 5565 ||| Stepping ~*~*~tactically~*~*~ (stealth).
  5566 | D:6      | 5566 ||| Stepping ~*~*~tactically~*~*~ (stealth).
  5567 | D:6      | 5567 ||| Stepping ~*~*~tactically~*~*~ (stealth).
  5568 | D:6      | 5568 ||| Stepping ~*~*~tactically~*~*~ (stealth).
  5569 | D:6      | 5569 ||| Stepping ~*~*~tactically~*~*~ (stealth).
  5571 | D:6      | 5571 ||| Stepping ~*~*~tactically~*~*~ (stealth).
  5572 | D:6      | 5572 ||| Stepping ~*~*~tactically~*~*~ (stealth).
  5574 | D:6      | 5574 ||| Stepping ~*~*~tactically~*~*~ (stealth).
  5575 | D:6      | 5575 ||| Stepping ~*~*~tactically~*~*~ (stealth).
  5703 | D:6      | Found a shimmering altar of Xom.
  5703 | D:6      | Found an iron altar of Okawaru.
  5744 | D:6      | Found Tithreeck's Armour Shop.
  5752 | D:6      | 5752 ||| BUYING +0 cloak (54 gold).
  5752 | D:6      | Bought a +0 cloak for 54 gold pieces
  6083 | D:6      | Found a staircase to the Ecumenical Temple.
  6084 | D:6      | 6084 ||| PLANNING TEMPLE
  6084 | D:6      | 6084 ||| UPGRADING to +0 cloak.
  6089 | D:6      | 6089 ||| READING scroll labelled DOTHRU EPESUFETT.
  6090 | D:6      | 6090 ||| DRINKING 2 golden potions.
  6091 | D:6      | 6091 ||| DROPPING potion of degeneration.
  6186 | D:6      | Became a worshipper of Warmaster Okawaru
  6289 | Temple   | Entered the Ecumenical Temple
  6290 | Temple   | 6290 ||| PLANNING D:1-11
  6527 | D:7      | 6527 ||| STAIRDANCE
  6649 | D:7      | Reached skill level 9 in Axes
  6655 | D:7      | 6655 ||| Stepping ~*~*~tactically~*~*~ (stealth).
  6660 | D:7      | 6660 ||| Stepping ~*~*~tactically~*~*~ (stealth).
  6661 | D:7      | 6661 ||| Stepping ~*~*~tactically~*~*~ (stealth).
  6662 | D:7      | 6662 ||| Stepping ~*~*~tactically~*~*~ (stealth).
  6663 | D:7      | 6663 ||| Stepping ~*~*~tactically~*~*~ (stealth).
  6734 | D:7      | Reached skill level 6 in Armour
  6907 | D:7      | Reached skill level 7 in Fighting
  7176 | D:7      | Found a glowing silver altar of Zin.
  7332 | D:7      | Found a sparkling altar of Nemelex Xobeh.
  7455 | D:7      | Reached * piety under Okawaru
  7588 | D:7      | Found a hazy altar of Hepliaklqana.
  7597 | D:7      | Reached skill level 1 in Invocations
  7667 | D:7      | Found a broken altar of Ashenzari.
  7729 | D:7      | 7729 ||| Stepping ~*~*~tactically~*~*~ (hiding).
  7870 | D:7      | 7870 ||| Stepping ~*~*~tactically~*~*~ (stealth).
  7873 | D:7      | 7873 ||| Stepping ~*~*~tactically~*~*~ (hiding).
  7877 | D:7      | 7877 ||| INVOKING Heroism.
  7889 | D:7      | Reached XP level 10. HP: 69/69 MP: 9/12
  7915 | D:7      | Reached skill level 3 in Invocations
  8512 | D:8      | 8512 ||| INVOKING Heroism.
  8749 | D:8      | 8749 ||| Stepping ~*~*~tactically~*~*~ (hiding).
  8752 | D:8      | 8752 ||| Stepping ~*~*~tactically~*~*~ (hiding).
  8852 | D:8      | Noticed Grum
  8853 | D:8      | 8853 ||| INVOKING Heroism.
  8861 | D:8      | Killed Grum
  8861 | D:8      | Reached ** piety under Okawaru
  9190 | D:8      | 9190 ||| READING scroll labelled ZESUPO WUPS.
  9191 | D:8      | 9191 ||| DROPPING +0 flail.
  9192 | D:8      | 9192 ||| READING 2 scrolls of identify.
  9192 | D:8      | 9192 ||| IDENTIFYING fizzy inky potion
  9240 | D:9      | 9240 ||| READING scroll of enchant weapon.
  9240 | D:9      | 9240 ||| ENCHANTING +5 war axe of flaming.
  9244 | D:9      | 9244 ||| Stepping ~*~*~tactically~*~*~ (stealth).
  9248 | D:9      | Reached skill level 8 in Fighting
  9251 | D:9      | 9251 ||| INVOKING Heroism.
  9439 | D:9      | 9439 ||| Stepping ~*~*~tactically~*~*~ (hiding).
  9440 | D:9      | 9440 ||| INVOKING Heroism.
  9461 | D:9      | 9461 ||| Stepping ~*~*~tactically~*~*~ (stealth).
  9462 | D:9      | 9462 ||| Stepping ~*~*~tactically~*~*~ (stealth).
  9463 | D:9      | 9463 ||| Stepping ~*~*~tactically~*~*~ (stealth).
  9465 | D:9      | 9465 ||| Stepping ~*~*~tactically~*~*~ (hiding).
  9571 | D:9      | 9571 ||| Stepping ~*~*~tactically~*~*~ (stealth).
  9579 | D:9      | 9579 ||| INVOKING Heroism.
  9806 | D:9      | Found a radiant altar of Vehumet.
  9807 | D:9      | 9807 ||| SWAPPING to +0 broad axe.
  9808 | D:9      | Found a burning altar of Makhleb.
  9853 | D:9      | 9853 ||| INVOKING Heroism.
  9916 | D:9      | 9916 ||| Stepping ~*~*~tactically~*~*~ (hiding).
  9930 | D:9      | 9930 ||| INVOKING Heroism.
  9933 | D:9      | 9933 ||| Stepping ~*~*~tactically~*~*~ (stealth).
 10094 | D:10     | Entered Level 10 of the Dungeon
 10131 | D:10     | Identified the +10 short sword "Jarec" {drain, rPois rC+}
 10213 | D:10     | 10213 ||| INVOKING Heroism.
 10315 | D:10     | 10315 ||| Stepping ~*~*~tactically~*~*~ (stealth).
 10364 | D:10     | Noticed Psyche
 10365 | D:10     | 10365 ||| INVOKING Heroism.
 10375 | D:10     | 10375 ||| DRINKING 3 potions of cancellation.
 10410 | D:10     | Killed Psyche
 10516 | D:10     | 10516 ||| INVOKING Heroism.
 10520 | D:10     | Reached *** piety under Okawaru
 10521 | D:10     | Reached skill level 9 in Fighting
 10521 | D:10     | Reached XP level 11. HP: 36/78 MP: 11/14
 10724 | D:10     | 10724 ||| READING scroll of acquirement.
 10724 | D:10     | 10724 ||| ACQUIRING +6 ring of strength
 10724 | D:10     | Acquired a +6 ring of strength
 10726 | D:10     | 10726 ||| UPGRADING to +6 ring of strength.
 10748 | D:10     | 10748 ||| Stepping ~*~*~tactically~*~*~ (stealth).
 10956 | D:10     | Noticed a two-headed ogre
 10957 | D:10     | 10957 ||| INVOKING Heroism.
 10959 | D:10     | 10959 ||| Stepping ~*~*~tactically~*~*~ (stealth).
 10960 | D:10     | 10960 ||| Stepping ~*~*~tactically~*~*~ (stealth).
 10964 | D:10     | Killed a two-headed ogre
 11191 | D:10     | Found a sacrificial altar of Ru.
 11250 | D:10     | 11250 ||| READING 2 scrolls of identify.
 11250 | D:10     | 11250 ||| IDENTIFYING glowing sapphire potion
 11287 | D:11     | 11287 ||| INVOKING Heroism.
 11358 | D:11     | 11358 ||| INVOKING Heroism.
 11380 | D:11     | Reached **** piety under Okawaru
 11381 | D:11     | 11381 ||| INVOKING Heroism.
 11500 | D:11     | 11500 ||| INVOKING Heroism.
 11593 | D:11     | Found a staircase to the Lair.
 11595 | D:11     | 11595 ||| Stepping ~*~*~tactically~*~*~ (stealth).
 11596 | D:11     | Noticed a two-headed ogre
 11597 | D:11     | 11597 ||| Stepping ~*~*~tactically~*~*~ (hiding).
 11598 | D:11     | 11598 ||| Stepping ~*~*~tactically~*~*~ (hiding).
 11603 | D:11     | 11603 ||| INVOKING Heroism.
 11613 | D:11     | Killed a two-headed ogre
 11844 | D:11     | 11844 ||| INVOKING Heroism.
 12267 | D:11     | Noticed a cyclops
 12268 | D:11     | 12268 ||| INVOKING Heroism.
 12278 | D:11     | Killed a cyclops
 12279 | D:11     | Reached skill level 12 in Axes
 12354 | D:11     | 12354 ||| Stepping ~*~*~tactically~*~*~ (hiding).
 12359 | D:11     | 12359 ||| DRINKING 6 potions of curing.
 12359 | D:11     | 12359 ||| (to cure confusion)
 12361 | D:11     | 12361 ||| INVOKING Heroism.
 12395 | D:11     | 12395 ||| INVOKING Heroism.
 12419 | D:11     | 12419 ||| INVOKING Heroism.
 12462 | D:11     | Found a staircase to the Orcish Mines.
 12580 | D:11     | Noticed a boulder beetle
 12581 | D:11     | 12581 ||| INVOKING Heroism.
 12602 | D:11     | Killed a boulder beetle
 12696 | D:11     | Reached skill level 6 in Shields
 12696 | D:11     | Reached skill level 6 in Invocations
 12824 | D:11     | 12824 ||| PLANNING LAIR
 12824 | D:11     | 12824 ||| UPGRADING to +2 buckler.
 12834 | D:11     | 12834 ||| DROPPING +0 buckler.
 12835 | D:11     | 12835 ||| UPGRADING to +0 helmet.
 12877 | Lair:1   | Entered Level 1 of the Lair of Beasts
 12899 | Lair:1   | 12899 ||| INVOKING Heroism.
 12980 | Lair:1   | 12980 ||| INVOKING Heroism.
 12986 | Lair:1   | Received a gift from Okawaru
 13233 | Lair:1   | 13233 ||| INVOKING Heroism.
 13246 | Lair:1   | Reached XP level 12. HP: 79/83 MP: 15/17
 13253 | Lair:1   | Reached ***** piety under Okawaru
 13254 | Lair:1   | Reached skill level 9 in Armour
 13304 | Lair:1   | 13304 ||| INVOKING Heroism.
 13308 | Lair:1   | 13308 ||| Stepping ~*~*~tactically~*~*~ (stealth).
 13324 | Lair:1   | 13324 ||| Stepping ~*~*~tactically~*~*~ (stealth).
 13672 | Lair:1   | 13672 ||| INVOKING Heroism.
 14123 | Lair:1   | 14123 ||| DRINKING 2 inky potions.
 14227 | Lair:1   | 14227 ||| DROPPING potion of berserk rage.
 14255 | Lair:2   | 14255 ||| INVOKING Heroism.
 14256 | Lair:2   | 14256 ||| STAIRDANCE
 14272 | Lair:1   | Received a gift from Okawaru
 14349 | Lair:2   | 14349 ||| INVOKING Heroism.
 14353 | Lair:2   | 14353 ||| STAIRDANCE
 14481 | Lair:2   | 14481 ||| STAIRDANCE
 14483 | Lair:1   | 14483 ||| INVOKING Heroism.
 14499 | Lair:1   | Reached skill level 10 in Fighting
 14651 | Lair:2   | 14651 ||| INVOKING Heroism.
 14910 | Lair:2   | Reached skill level 9 in Invocations
 14922 | Lair:2   | 14922 ||| READING scroll of enchant armour.
 14922 | Lair:2   | 14922 ||| ENCHANTING +0 helmet.
 14937 | Lair:2   | 14937 ||| INVOKING Heroism.
 14968 | Lair:2   | 14968 ||| Stepping ~*~*~tactically~*~*~ (stealth).
 15184 | Lair:2   | Received a gift from Okawaru
 15799 | Lair:2   | 15799 ||| READING 3 scrolls of identify.
 15799 | Lair:2   | 15799 ||| IDENTIFYING sapphire potion
 15800 | Lair:2   | 15800 ||| READING 2 scrolls of identify.
 15800 | Lair:2   | 15800 ||| IDENTIFYING smoky silvery potion
 15801 | Lair:2   | 15801 ||| DROPPING potion of brilliance.
 15802 | Lair:2   | 15802 ||| DROPPING potion of ambrosia.
 15878 | Lair:3   | 15878 ||| Stepping ~*~*~tactically~*~*~ (stealth).
 15886 | Lair:3   | 15886 ||| Stepping ~*~*~tactically~*~*~ (stealth).
 15888 | Lair:3   | 15888 ||| INVOKING Heroism.
 15927 | Lair:3   | Noticed an eight-headed hydra
 15928 | Lair:3   | 15928 ||| INVOKING Finesse.
 15934 | Lair:3   | 15934 ||| SWAPPING to +6 war axe of flaming.
 15938 | Lair:3   | Killed a six-headed hydra
 15939 | Lair:3   | 15939 ||| SWAPPING to +0 broad axe.
 15993 | Lair:3   | 15993 ||| Stepping ~*~*~tactically~*~*~ (stealth).
 15996 | Lair:3   | 15996 ||| INVOKING Heroism.
 16012 | Lair:3   | 16012 ||| Stepping ~*~*~tactically~*~*~ (stealth).
 16019 | Lair:3   | 16019 ||| Stepping ~*~*~tactically~*~*~ (hiding).
 16021 | Lair:3   | 16021 ||| Stepping ~*~*~tactically~*~*~ (hiding).
 16022 | Lair:3   | 16022 ||| Stepping ~*~*~tactically~*~*~ (hiding).
 16069 | Lair:3   | 16069 ||| INVOKING Heroism.
 16088 | Lair:3   | Noticed a four-headed hydra
 16089 | Lair:3   | 16089 ||| Stepping ~*~*~tactically~*~*~ (hiding).
 16090 | Lair:3   | 16090 ||| Stepping ~*~*~tactically~*~*~ (hiding).
 16092 | Lair:3   | 16092 ||| INVOKING Heroism.
 16093 | Lair:3   | 16093 ||| SWAPPING to +6 war axe of flaming.
 16098 | Lair:3   | Killed a one-headed hydra
 16099 | Lair:3   | 16099 ||| SWAPPING to +0 broad axe.
 16245 | Lair:3   | Reached skill level 3 in Throwing
 16426 | Lair:3   | Found the +4 skin of Zhor {*Englaciate rC+++ SInv}
 16454 | Lair:3   | 16454 ||| INVOKING Heroism.
 16462 | Lair:3   | Reached XP level 13. HP: 90/90 MP: 18/20
 16524 | Lair:3   | Found a staircase to the Swamp.
 16527 | Lair:3   | 16527 ||| INVOKING Heroism.
 16762 | Lair:3   | 16762 ||| Stepping ~*~*~tactically~*~*~ (stealth).
 16764 | Lair:3   | 16764 ||| INVOKING Heroism.
 16764 | Lair:3   | Noticed Kirke
 16765 | Lair:3   | 16765 ||| INVOKING Finesse.
 16786 | Lair:3   | Killed Kirke
 16786 | Lair:3   | Received a gift from Okawaru
 16789 | Lair:3   | 16789 ||| Stepping ~*~*~tactically~*~*~ (stealth).
 16797 | Lair:3   | 16797 ||| Stepping ~*~*~tactically~*~*~ (stealth).
 16826 | Lair:3   | 16826 ||| SWAPPING to +2 vorpal broad axe.
 16827 | Lair:3   | 16827 ||| DROPPING +0 broad axe.
 16923 | Lair:3   | 16923 ||| INVOKING Heroism.
 17279 | Lair:3   | 17279 ||| INVOKING Heroism.
 17282 | Lair:3   | 17282 ||| Stepping ~*~*~tactically~*~*~ (stealth).
 17408 | Lair:3   | Found a hole to the Spider Nest.
 17528 | Lair:3   | 17528 ||| READING scroll of enchant armour.
 17528 | Lair:3   | 17528 ||| ENCHANTING +1 helmet.
 17813 | Lair:4   | 17813 ||| INVOKING Heroism.
 17937 | Lair:4   | 17937 ||| INVOKING Heroism.
 17938 | Lair:4   | 17938 ||| INVOKING Finesse.
 17940 | Lair:4   | 17940 ||| SWAPPING to +6 war axe of flaming.
 17943 | Lair:4   | 17943 ||| Stepping ~*~*~tactically~*~*~ (stealth).
 17946 | Lair:4   | 17946 ||| SWAPPING to +2 vorpal broad axe.
 17948 | Lair:4   | 17948 ||| Stepping ~*~*~tactically~*~*~ (stealth).
 17952 | Lair:4   | 17952 ||| Stepping ~*~*~tactically~*~*~ (stealth).
 18018 | Lair:4   | 18018 ||| INVOKING Heroism.
 18066 | Lair:4   | 18066 ||| INVOKING Heroism.
 18067 | Lair:4   | 18067 ||| INVOKING Finesse.
 18097 | Lair:4   | Reached skill level 11 in Fighting
 18125 | Lair:4   | Received a gift from Okawaru
 18158 | Lair:4   | 18158 ||| INVOKING Heroism.
 18523 | Lair:4   | 18523 ||| INVOKING Heroism.
 18647 | Lair:4   | 18647 ||| Stepping ~*~*~tactically~*~*~ (stealth).
 18706 | Lair:4   | 18706 ||| INVOKING Heroism.
 18754 | Lair:4   | 18754 ||| Stepping ~*~*~tactically~*~*~ (stealth).
 18758 | Lair:4   | 18758 ||| Stepping ~*~*~tactically~*~*~ (stealth).
 18767 | Lair:4   | 18767 ||| Stepping ~*~*~tactically~*~*~ (stealth).
 18774 | Lair:4   | Reached skill level 15 in Axes
 18777 | Lair:4   | 18777 ||| FLEEEEING.
 18781 | Lair:4   | 18781 ||| Stepping ~*~*~tactically~*~*~ (hiding).
 18788 | Lair:4   | 18788 ||| INVOKING Heroism.
 18797 | Lair:4   | 18797 ||| Stepping ~*~*~tactically~*~*~ (stealth).
 18810 | Lair:4   | Gained mutation: Your large and strong wings let you fly.
                  | [Gargoyle growth]
 18810 | Lair:4   | Reached XP level 14. HP: 61/99 MP: 21/21
 18828 | Lair:4   | 18828 ||| INVOKING Heroism.
 18845 | Lair:4   | Noticed Sonja
 18846 | Lair:4   | 18846 ||| INVOKING Finesse.
 18864 | Lair:4   | Killed Sonja
 18924 | Lair:4   | 18924 ||| Stepping ~*~*~tactically~*~*~ (stealth).
 18927 | Lair:4   | 18927 ||| Stepping ~*~*~tactically~*~*~ (stealth).
 18967 | Lair:4   | 18967 ||| Stepping ~*~*~tactically~*~*~ (stealth).
 18979 | Lair:4   | 18979 ||| INVOKING Heroism.
 19135 | Lair:4   | 19135 ||| Stepping ~*~*~tactically~*~*~ (stealth).
 19137 | Lair:4   | 19137 ||| Stepping ~*~*~tactically~*~*~ (stealth).
 19194 | Lair:4   | 19194 ||| Stepping ~*~*~tactically~*~*~ (stealth).
 19195 | Lair:4   | 19195 ||| Stepping ~*~*~tactically~*~*~ (stealth).
 19236 | Lair:4   | 19236 ||| INVOKING Heroism.
 19237 | Lair:4   | 19237 ||| INVOKING Finesse.
 19246 | Lair:4   | Identified the +1 pair of gloves of Gluttony {rPois rCorr
                  | Str+3} (Okawaru gifted it to you on level 4 of the Lair of
                  | Beasts)
 19246 | Lair:4   | Received a gift from Okawaru
 19335 | Lair:4   | 19335 ||| Stepping ~*~*~tactically~*~*~ (stealth).
 19489 | Lair:4   | 19489 ||| Stepping ~*~*~tactically~*~*~ (hiding).
 19490 | Lair:4   | 19490 ||| FLEEEEING.
 19491 | Lair:4   | 19491 ||| FLEEEEING.
 19494 | Lair:4   | 19494 ||| INVOKING Heroism.
 19497 | Lair:4   | 19497 ||| SWAPPING to +6 war axe of flaming.
 19504 | Lair:4   | 19504 ||| SWAPPING to +2 vorpal broad axe.
 19539 | Lair:4   | 19539 ||| Stepping ~*~*~tactically~*~*~ (stealth).
 19552 | Lair:4   | 19552 ||| INVOKING Heroism.
 19782 | Lair:4   | 19782 ||| INVOKING Heroism.
 19785 | Lair:4   | Reached skill level 12 in Fighting
 19970 | Lair:4   | 19970 ||| UPGRADING to +1 pair of gloves of Gluttony {rPois
                  | rCorr Str+3}.
 19998 | Lair:5   | Entered Level 5 of the Lair of Beasts
 20035 | Lair:5   | 20035 ||| Stepping ~*~*~tactically~*~*~ (stealth).
 20037 | Lair:5   | 20037 ||| INVOKING Heroism.
 20041 | Lair:5   | 20041 ||| Stepping ~*~*~tactically~*~*~ (hiding).
 20100 | Lair:5   | 20100 ||| INVOKING Heroism.
 20104 | Lair:5   | Reached skill level 3 in Dodging
 20106 | Lair:5   | Noticed Josephine
 20108 | Lair:5   | 20108 ||| Stepping ~*~*~tactically~*~*~ (hiding).
 20117 | Lair:5   | Killed Josephine
 20125 | Lair:5   | 20125 ||| Stepping ~*~*~tactically~*~*~ (stealth).
 20144 | Lair:5   | 20144 ||| INVOKING Heroism.
 20149 | Lair:5   | 20149 ||| INVOKING Finesse.
 20219 | Lair:5   | 20219 ||| INVOKING Heroism.
 20488 | Lair:5   | 20488 ||| INVOKING Heroism.
 20524 | Lair:5   | 20524 ||| Stepping ~*~*~tactically~*~*~ (stealth).
 20531 | Lair:5   | 20531 ||| INVOKING Heroism.
 20532 | Lair:5   | 20532 ||| INVOKING Finesse.
 20537 | Lair:5   | 20537 ||| SWAPPING to +6 war axe of flaming.
 20542 | Lair:5   | 20542 ||| Stepping ~*~*~tactically~*~*~ (stealth).
 20546 | Lair:5   | 20546 ||| SWAPPING to +2 vorpal broad axe.
 20587 | Lair:5   | 20587 ||| Stepping ~*~*~tactically~*~*~ (stealth).
 20648 | Lair:5   | 20648 ||| Stepping ~*~*~tactically~*~*~ (stealth).
 20672 | Lair:5   | 20672 ||| Stepping ~*~*~tactically~*~*~ (stealth).
 20692 | Lair:5   | 20692 ||| Stepping ~*~*~tactically~*~*~ (stealth).
 20716 | Lair:5   | 20716 ||| Stepping ~*~*~tactically~*~*~ (stealth).
 20742 | Lair:5   | 20742 ||| INVOKING Heroism.
 20743 | Lair:5   | 20743 ||| INVOKING Finesse.
 20745 | Lair:5   | 20745 ||| SWAPPING to +6 war axe of flaming.
 20750 | Lair:5   | 20750 ||| SWAPPING to +2 vorpal broad axe.
 20864 | Lair:5   | 20864 ||| Stepping ~*~*~tactically~*~*~ (stealth).
 20866 | Lair:5   | Identified the +1 ring mail "Deanwig" {rF+ rC+ Regen+
                  | Dex-5} (Okawaru gifted it to you on level 5 of the Lair of
                  | Beasts)
 20866 | Lair:5   | Received a gift from Okawaru
 20872 | Lair:5   | 20872 ||| INVOKING Heroism.
 20873 | Lair:5   | 20873 ||| INVOKING Finesse.
 20892 | Lair:5   | 20892 ||| Stepping ~*~*~tactically~*~*~ (stealth).
 20913 | Lair:5   | 20913 ||| SWAPPING to +6 war axe of flaming.
 20920 | Lair:5   | 20920 ||| SWAPPING to +2 vorpal broad axe.
 21047 | Lair:5   | 21047 ||| Stepping ~*~*~tactically~*~*~ (stealth).
 21049 | Lair:5   | 21049 ||| INVOKING Heroism.
 21050 | Lair:5   | 21050 ||| INVOKING Finesse.
 21054 | Lair:5   | Reached skill level 12 in Armour
 21085 | Lair:5   | Reached XP level 15. HP: 96/105 MP: 17/22
 21159 | Lair:5   | 21159 ||| INVOKING Heroism.
 21261 | Lair:5   | 21261 ||| INVOKING Heroism.
 21262 | Lair:5   | 21262 ||| Stepping ~*~*~tactically~*~*~ (stealth).
 21276 | Lair:5   | 21276 ||| INVOKING Finesse.
 21427 | Lair:5   | Found a runed translucent door.
 21427 | Lair:5   | Noticed Wolly's ghost (journeyman CeHs)
 21520 | Lair:5   | 21520 ||| INVOKING Heroism.
 21741 | Lair:5   | 21741 ||| FLEEEEING.
 21860 | Lair:5   | Found a staircase to the Slime Pits.
 21861 | Lair:5   | 21861 ||| INVOKING Heroism.
 21862 | Lair:5   | 21862 ||| INVOKING Finesse.
 22034 | Lair:5   | 22034 ||| PLANNING D
 22150 | D:12     | 22150 ||| Stepping ~*~*~tactically~*~*~ (hiding).
 22199 | D:12     | 22199 ||| Stepping ~*~*~tactically~*~*~ (hiding).
 22201 | D:12     | 22201 ||| INVOKING Heroism.
 22309 | D:12     | Noticed Maurice
 22315 | D:12     | Killed Maurice
 22326 | D:12     | Noticed Fannar
 22335 | D:12     | 22335 ||| INVOKING Heroism.
 22338 | D:12     | Killed Fannar
 22420 | D:12     | 22420 ||| Stepping ~*~*~tactically~*~*~ (stealth).
 22424 | D:12     | 22424 ||| Stepping ~*~*~tactically~*~*~ (stealth).
 22429 | D:12     | 22429 ||| Stepping ~*~*~tactically~*~*~ (stealth).
 22440 | D:12     | Noticed Erolcha
 22451 | D:12     | Killed Erolcha
 22563 | D:12     | 22563 ||| INVOKING Heroism.
 22600 | D:12     | Paralysed by an ogre mage for 3 turns
 22611 | D:12     | 22611 ||| Stepping ~*~*~tactically~*~*~ (stealth).
 22612 | D:12     | 22612 ||| Stepping ~*~*~tactically~*~*~ (stealth).
 22613 | D:12     | 22613 ||| Stepping ~*~*~tactically~*~*~ (stealth).
 22623 | D:12     | Reached skill level 13 in Fighting
 22747 | D:12     | 22747 ||| Stepping ~*~*~tactically~*~*~ (stealth).
 22762 | D:12     | 22762 ||| Stepping ~*~*~tactically~*~*~ (hiding).
 22763 | D:12     | 22763 ||| INVOKING Heroism.
 23029 | D:12     | Received a gift from Okawaru
 23161 | D:12     | 23161 ||| UPGRADING to +1 cloak of preservation.
 23171 | D:12     | 23171 ||| DROPPING +0 cloak.
 23172 | D:12     | 23172 ||| DROPPING amulet of magic regeneration.
 23173 | D:12     | 23173 ||| UPGRADING to +4 ring of evasion.
 23175 | D:12     | 23175 ||| DROPPING ring of willpower.
 23176 | D:12     | 23176 ||| DROPPING ring of wizardry.
 23177 | D:12     | 23177 ||| UPGRADING to +6 ring of strength.
 23218 | D:13     | 23218 ||| Stepping ~*~*~tactically~*~*~ (hiding).
 23219 | D:13     | 23219 ||| INVOKING Heroism.
 23324 | D:13     | 23324 ||| Stepping ~*~*~tactically~*~*~ (hiding).
 23336 | D:13     | 23336 ||| FLEEEEING.
 23337 | D:13     | 23337 ||| FLEEEEING.
 23338 | D:13     | 23338 ||| FLEEEEING.
 23339 | D:13     | 23339 ||| FLEEEEING.
 23340 | D:13     | 23340 ||| FLEEEEING.
 23341 | D:13     | 23341 ||| FLEEEEING.
 23342 | D:13     | 23342 ||| FLEEEEING.
 23441 | D:13     | 23441 ||| Stepping ~*~*~tactically~*~*~ (hiding).
 23543 | D:13     | 23543 ||| Stepping ~*~*~tactically~*~*~ (hiding).
 23567 | D:13     | 23567 ||| INVOKING Heroism.
 23568 | D:13     | 23568 ||| INVOKING Finesse.
 23573 | D:13     | 23573 ||| SWAPPING to +6 war axe of flaming.
 23581 | D:13     | 23581 ||| SWAPPING to +2 vorpal broad axe.
 23583 | D:13     | 23583 ||| SWAPPING to +6 war axe of flaming.
 23588 | D:13     | 23588 ||| SWAPPING to +2 vorpal broad axe.
 23592 | D:13     | 23592 ||| Stepping ~*~*~tactically~*~*~ (hiding).
 23598 | D:13     | 23598 ||| SWAPPING to +6 war axe of flaming.
 23603 | D:13     | Received a gift from Okawaru
 23604 | D:13     | 23604 ||| Stepping ~*~*~tactically~*~*~ (hiding).
 23608 | D:13     | 23608 ||| SWAPPING to +2 vorpal broad axe.
 23610 | D:13     | 23610 ||| Stepping ~*~*~tactically~*~*~ (hiding).
 23624 | D:13     | 23624 ||| Stepping ~*~*~tactically~*~*~ (stealth).
 23645 | D:13     | 23645 ||| INVOKING Heroism.
 23739 | D:13     | 23739 ||| Stepping ~*~*~tactically~*~*~ (hiding).
 23741 | D:13     | 23741 ||| INVOKING Heroism.
 23742 | D:13     | 23742 ||| SWAPPING to +6 war axe of flaming.
 23747 | D:13     | 23747 ||| SWAPPING to +2 vorpal broad axe.
 23761 | D:13     | Identified the +0 pair of gloves of the Untouchables {Dex+4
                  | SInv} (Okawaru gifted it to you on level 13 of the Dungeon)
 23761 | D:13     | Received a gift from Okawaru
 24368 | D:13     | 24368 ||| UPGRADING to +0 kite shield of poison resistance.
 24378 | D:13     | 24378 ||| DROPPING +2 buckler.
 24379 | D:13     | 24379 ||| UPGRADING to +0 pair of gloves of the
                  | Untouchables {Dex+4 SInv}.
 24434 | D:14     | 24434 ||| INVOKING Heroism.
 24439 | D:14     | Reached XP level 16. HP: 114/114 MP: 20/23
 24444 | D:14     | Reached skill level 9 in Shields
 24463 | D:14     | 24463 ||| Stepping ~*~*~tactically~*~*~ (stealth).
 24464 | D:14     | 24464 ||| Stepping ~*~*~tactically~*~*~ (stealth).
 24597 | D:14     | 24597 ||| INVOKING Heroism.
 24647 | D:14     | 24647 ||| READING scroll of brand weapon.
 24647 | D:14     | 24647 ||| BRANDING +2 vorpal broad axe.
 24693 | D:14     | 24693 ||| READING scroll of enchant armour.
 24693 | D:14     | 24693 ||| ENCHANTING +1 cloak of preservation.
 24701 | D:14     | 24701 ||| INVOKING Heroism.
 24726 | D:14     | 24726 ||| INVOKING Heroism.
 24761 | D:14     | 24761 ||| Stepping ~*~*~tactically~*~*~ (hiding).
 24773 | D:14     | 24773 ||| INVOKING Heroism.
 24845 | D:14     | Found a gate to the Vaults.
 24926 | D:14     | 24926 ||| INVOKING Heroism.
 24951 | D:14     | 24951 ||| INVOKING Heroism.
 24966 | D:14     | 24966 ||| Stepping ~*~*~tactically~*~*~ (hiding).
 24968 | D:14     | 24968 ||| Stepping ~*~*~tactically~*~*~ (hiding).
 24969 | D:14     | 24969 ||| Stepping ~*~*~tactically~*~*~ (hiding).
 25086 | D:14     | 25086 ||| INVOKING Heroism.
 25176 | D:14     | Noticed Louise
 25177 | D:14     | 25177 ||| INVOKING Heroism.
 25177 | Abyss:3  | Cast into level 3 of the Abyss (Louise)
 25196 | Abyss:3  | 25196 ||| Stepping ~*~*~tactically~*~*~ (stealth).
 25197 | Abyss:3  | 25197 ||| Stepping ~*~*~tactically~*~*~ (stealth).
 25253 | Abyss:3  | 25253 ||| Stepping ~*~*~tactically~*~*~ (hiding).
 25261 | Abyss:3  | Reached skill level 12 in Shields
 25346 | Abyss:3  | 25346 ||| Stepping ~*~*~tactically~*~*~ (stealth).
 25348 | Abyss:3  | 25348 ||| INVOKING Heroism.
 25412 | Abyss:3  | 25412 ||| INVOKING Heroism.
 25422 | Abyss:3  | Gained mutation: Armour fits poorly on your strangely
                  | shaped body. [a cacodemon]
 25423 | Abyss:3  | Received a gift from Okawaru
 25428 | Abyss:3  | 25428 ||| DRINKING 2 potions of mutation.
 25428 | Abyss:3  | Lost mutation: You are dopey. (Int -2) [potion of mutation]
 25428 | Abyss:3  | Lost mutation: Armour fits poorly on your strangely shaped
                  | body. [potion of mutation]
 25428 | Abyss:3  | Lost mutation: You are robust. (+10% HP) [potion of
                  | mutation]
 25428 | Abyss:3  | Gained mutation: You expend magic power (3 MP) to
                  | strengthen your wands. [potion of mutation]
 25428 | Abyss:3  | Gained mutation: You occasionally lose the ability to read
                  | scrolls when taking damage. [potion of mutation]
 25428 | Abyss:3  | Gained mutation: Your body often deteriorates upon taking
                  | damage. [potion of mutation]
 25428 | Abyss:3  | Gained mutation: You are partially covered in large bone
                  | plates. (SH +4) [potion of mutation]
 25429 | Abyss:3  | 25429 ||| DRINKING potion of mutation.
 25429 | Abyss:3  | Lost mutation: You expend magic power (3 MP) to strengthen
                  | your wands. [potion of mutation]
 25429 | Abyss:3  | Lost mutation: Your body often deteriorates upon taking
                  | damage. [potion of mutation]
 25429 | Abyss:3  | Lost mutation: You are partially covered in large bone
                  | plates. (SH +4) [potion of mutation]
 25429 | Abyss:3  | Gained mutation: You are clumsy. (Dex -2) [potion of
                  | mutation]
 25451 | Abyss:3  | 25451 ||| Stepping ~*~*~tactically~*~*~ (stealth).
 25457 | Abyss:3  | 25457 ||| Stepping ~*~*~tactically~*~*~ (stealth).
 25461 | Abyss:3  | 25461 ||| Stepping ~*~*~tactically~*~*~ (stealth).
 25463 | Abyss:3  | 25463 ||| INVOKING Heroism.
 25476 | Abyss:3  | 25476 ||| Stepping ~*~*~tactically~*~*~ (cloud).
 25486 | Abyss:3  | HP: 8/104 [will-o-the-wisp/foxfire (20)]
 25487 | Abyss:3  | 25487 ||| DRINKING 3 potions of heal wounds.
 25499 | Abyss:3  | Noticed a bone dragon
 25507 | Abyss:3  | HP: 26/104 [death knight/+1 broad axe (3)]
 25508 | Abyss:3  | 25508 ||| READING 13 scrolls of teleportation.
 25510 | Abyss:3  | 25510 ||| DRINKING 2 potions of heal wounds.
 25516 | Abyss:4  | 25516 ||| Stepping ~*~*~tactically~*~*~ (stealth).
 25518 | Abyss:4  | 25518 ||| Stepping ~*~*~tactically~*~*~ (stealth).
 25813 | Abyss:4  | 25813 ||| Stepping ~*~*~tactically~*~*~ (stealth).
 25842 | Abyss:4  | 25842 ||| Stepping ~*~*~tactically~*~*~ (hiding).
 25854 | Abyss:4  | Noticed a tentacled starspawn
 25860 | Abyss:4  | 25860 ||| INVOKING Heroism.
 25866 | Abyss:4  | Killed a tentacled starspawn
 25872 | Abyss:4  | 25872 ||| Stepping ~*~*~tactically~*~*~ (stealth).
 25877 | D:14     | Escaped the Abyss
 25881 | D:14     | 25881 ||| INVOKING Finesse.
 25918 | D:14     | Killed Louise
 26081 | D:14     | Found a burning altar of Makhleb.
 26081 | D:14     | Noticed Rupert
 26081 | D:14     | Paralysed by Rupert for 4 turns
 26085 | D:14     | 26085 ||| INVOKING Heroism.
 26086 | D:14     | 26086 ||| INVOKING Finesse.
 26091 | D:14     | Noticed Jorgrun
 26092 | D:14     | 26092 ||| Stepping ~*~*~tactically~*~*~ (hiding).
 26104 | D:14     | Killed Rupert
 26117 | D:14     | Killed Jorgrun
 26456 | D:14     | 26456 ||| UPGRADING to +0 tower shield.
 26466 | D:14     | 26466 ||| DROPPING +0 kite shield of poison resistance.
 26478 | D:15     | Entered Level 15 of the Dungeon
 26479 | D:15     | 26479 ||| STAIRDANCE
 26489 | D:15     | 26489 ||| STAIRDANCE
 26491 | D:14     | 26491 ||| INVOKING Heroism.
 26543 | D:15     | 26543 ||| STAIRDANCE
 26545 | D:14     | 26545 ||| INVOKING Heroism.
 26595 | D:15     | 26595 ||| STAIRDANCE
 26597 | D:14     | 26597 ||| INVOKING Heroism.
 26654 | D:15     | 26654 ||| STAIRDANCE
 26810 | D:15     | 26810 ||| STAIRDANCE
 26812 | D:14     | 26812 ||| INVOKING Heroism.
 26846 | D:15     | 26846 ||| STAIRDANCE
 26854 | D:14     | 26854 ||| UPGRADING to +4 ring of evasion.
 26856 | D:14     | 26856 ||| DROPPING +6 ring of strength.
 26860 | D:15     | 26860 ||| STAIRDANCE
 26862 | D:14     | 26862 ||| INVOKING Heroism.
 26965 | D:15     | 26965 ||| INVOKING Heroism.
 26966 | D:15     | 26966 ||| INVOKING Finesse.
 26989 | D:15     | 26989 ||| Stepping ~*~*~tactically~*~*~ (hiding).
 26995 | D:15     | 26995 ||| Stepping ~*~*~tactically~*~*~ (hiding).
 27001 | D:15     | Identified the +0 pair of boots "Nenwol" {+Inv rF+ Str-2}
                  | (Okawaru gifted it to you on level 15 of the Dungeon)
 27001 | D:15     | Received a gift from Okawaru
 27106 | D:15     | 27106 ||| INVOKING Heroism.
 27110 | D:15     | Noticed Azrael
 27111 | D:15     | 27111 ||| INVOKING Finesse.
 27122 | D:15     | Reached XP level 17. HP: 82/108 MP: 17/24
 27133 | D:15     | Killed Azrael
 27228 | D:15     | 27228 ||| DRINKING potion of mutation.
 27228 | D:15     | Lost mutation: You occasionally lose the ability to read
                  | scrolls when taking damage. [potion of mutation]
 27228 | D:15     | Lost mutation: Your body sometimes deteriorates upon taking
                  | damage. [potion of mutation]
 27228 | D:15     | Gained mutation: You have hidden genetic defects. [potion
                  | of mutation]
 27228 | D:15     | Lost mutation: You have hidden genetic defects. [potion of
                  | mutation]
 27228 | D:15     | Gained mutation: Your body sometimes deteriorates upon
                  | taking damage. [potion of mutation]
 27237 | D:15     | 27237 ||| READING scroll of enchant weapon.
 27237 | D:15     | 27237 ||| ENCHANTING +2 broad axe of venom.
 27361 | D:15     | Reached skill level 15 in Shields
 27364 | D:15     | 27364 ||| Stepping ~*~*~tactically~*~*~ (hiding).
 27593 | D:15     | Found a staircase to the Depths.
 27594 | D:15     | 27594 ||| INVOKING Heroism.
 27682 | D:15     | 27682 ||| PLANNING ORC
 27810 | Orc:1    | Entered Level 1 of the Orcish Mines
 27810 | Orc:1    | Found Xompe's Jewellery Shoppe.
 27813 | Orc:1    | 27813 ||| Stepping ~*~*~tactically~*~*~ (hiding).
 27816 | Orc:1    | 27816 ||| Stepping ~*~*~tactically~*~*~ (hiding).
 27968 | Orc:1    | 27968 ||| BUYING ring of protection from cold (425 gold).
 27968 | Orc:1    | Bought a ring of protection from cold for 425 gold pieces
 28177 | Orc:2    | Entered Level 2 of the Orcish Mines
 28178 | Orc:2    | 28178 ||| INVOKING Heroism.
 28179 | Orc:2    | 28179 ||| STAIRDANCE
 28226 | Orc:2    | 28226 ||| INVOKING Heroism.
 28259 | Orc:2    | HP: 20/108 [orc warrior/+0 mace (10)]
 28260 | Orc:2    | 28260 ||| READING 12 scrolls of teleportation.
 28261 | Orc:2    | 28261 ||| DRINKING 3 potions of heal wounds.
 28289 | Orc:2    | 28289 ||| Stepping ~*~*~tactically~*~*~ (stealth).
 28290 | Orc:2    | 28290 ||| Stepping ~*~*~tactically~*~*~ (stealth).
 28291 | Orc:2    | 28291 ||| Stepping ~*~*~tactically~*~*~ (stealth).
 28313 | Orc:2    | 28313 ||| INVOKING Heroism.
 28330 | Orc:2    | 28330 ||| Stepping ~*~*~tactically~*~*~ (stealth).
 28585 | Orc:2    | 28585 ||| FLEEEEING.
 28586 | Orc:2    | 28586 ||| FLEEEEING.
 28587 | Orc:2    | 28587 ||| FLEEEEING.
 28588 | Orc:2    | 28588 ||| FLEEEEING.
 28589 | Orc:2    | 28589 ||| FLEEEEING.
 28590 | Orc:2    | 28590 ||| FLEEEEING.
 28591 | Orc:2    | 28591 ||| FLEEEEING.
 28592 | Orc:2    | 28592 ||| FLEEEEING.
 28593 | Orc:2    | 28593 ||| STAIRDANCE
 28656 | Orc:2    | 28656 ||| STAIRDANCE
 28780 | Orc:2    | 28780 ||| INVOKING Heroism.
 28816 | Orc:2    | Found a radiant altar of Vehumet.
 28817 | Orc:2    | 28817 ||| Stepping ~*~*~tactically~*~*~ (hiding).
 28854 | Orc:2    | Found Goraghio's Distillery.
 28859 | Orc:2    | 28859 ||| INVOKING Heroism.
 28863 | Orc:2    | 28863 ||| DRINKING 14 potions of curing.
 28863 | Orc:2    | 28863 ||| (to cure confusion)
 28901 | Orc:2    | Found Suent's Book Shop.
 28910 | Orc:2    | 28910 ||| FLEEEEING.
 28911 | Orc:2    | 28911 ||| FLEEEEING.
 28912 | Orc:2    | 28912 ||| FLEEEEING.
 28913 | Orc:2    | 28913 ||| FLEEEEING.
 28969 | Orc:2    | 28969 ||| BUYING 2 potions of might (120 gold).
 28969 | Orc:2    | Bought 2 potions of might for 120 gold pieces
 28969 | Orc:2    | 28969 ||| BUYING potion of attraction (45 gold).
 28969 | Orc:2    | Bought a potion of attraction for 45 gold pieces
 28969 | Orc:2    | 28969 ||| BUYING potion of attraction (45 gold).
 28969 | Orc:2    | Bought a potion of attraction for 45 gold pieces
 28969 | Orc:2    | 28969 ||| BUYING potion of curing (45 gold).
 28969 | Orc:2    | Bought a potion of curing for 45 gold pieces
 28969 | Orc:2    | 28969 ||| BUYING potion of haste (150 gold).
 28969 | Orc:2    | Bought a potion of haste for 150 gold pieces
 28969 | Orc:2    | 28969 ||| BUYING potion of mutation (120 gold).
 28969 | Orc:2    | Bought a potion of mutation for 120 gold pieces
 28990 | Orc:2    | Found Dilod's Distillery.
 28998 | Orc:2    | Found Eledauqu's Antique Armour Boutique.
 29000 | Orc:2    | 29000 ||| BUYING potion of curing (45 gold).
 29000 | Orc:2    | Bought a potion of curing for 45 gold pieces
 29000 | Orc:2    | 29000 ||| BUYING potion of curing (45 gold).
 29000 | Orc:2    | Bought a potion of curing for 45 gold pieces
 29000 | Orc:2    | 29000 ||| BUYING potion of haste (150 gold).
 29000 | Orc:2    | Bought a potion of haste for 150 gold pieces
 29000 | Orc:2    | 29000 ||| BUYING potion of lignification (45 gold).
 29000 | Orc:2    | Bought a potion of lignification for 45 gold pieces
 29000 | Orc:2    | 29000 ||| BUYING potion of lignification (45 gold).
 29000 | Orc:2    | Bought a potion of lignification for 45 gold pieces
 29016 | Orc:2    | Found an ancient bone altar of Kikubaaqudgha.
 29228 | Orc:1    | 29228 ||| Stepping ~*~*~tactically~*~*~ (stealth).
 29288 | Orc:1    | 29288 ||| PLANNING SWAMP:1-3
 29463 | Swamp:1  | Entered Level 1 of the Swamp
 29467 | Swamp:1  | 29467 ||| INVOKING Heroism.
 29638 | Swamp:1  | 29638 ||| INVOKING Heroism.
 29640 | Swamp:1  | 29640 ||| SWAPPING to +6 war axe of flaming.
 29649 | Swamp:1  | 29649 ||| SWAPPING to +3 broad axe of venom.
 29683 | Swamp:1  | 29683 ||| READING scroll of brand weapon.
 29683 | Swamp:1  | 29683 ||| BRANDING +3 broad axe of venom.
 29763 | Swamp:1  | 29763 ||| Stepping ~*~*~tactically~*~*~ (hiding).
 29769 | Swamp:1  | 29769 ||| Stepping ~*~*~tactically~*~*~ (hiding).
 29790 | Swamp:1  | 29790 ||| Stepping ~*~*~tactically~*~*~ (stealth).
 29855 | Swamp:1  | Received a gift from Okawaru
 29911 | Swamp:1  | 29911 ||| INVOKING Heroism.
 29915 | Swamp:1  | 29915 ||| SWAPPING to +6 war axe of flaming.
 29917 | Swamp:1  | 29917 ||| SWAPPING to +3 broad axe of draining.
 29919 | Swamp:1  | 29919 ||| SWAPPING to +6 war axe of flaming.
 29924 | Swamp:1  | 29924 ||| SWAPPING to +3 broad axe of draining.
 29943 | Swamp:1  | 29943 ||| Stepping ~*~*~tactically~*~*~ (stealth).
 30096 | Swamp:1  | 30096 ||| Stepping ~*~*~tactically~*~*~ (stealth).
 30097 | Swamp:1  | 30097 ||| Stepping ~*~*~tactically~*~*~ (stealth).
 30098 | Swamp:1  | 30098 ||| Stepping ~*~*~tactically~*~*~ (stealth).
 30099 | Swamp:1  | Identified the +8 sling of Ruination {freeze, rF+ Will-
                  | Stlth+}
 30110 | Swamp:1  | 30110 ||| INVOKING Heroism.
 30122 | Swamp:1  | 30122 ||| Stepping ~*~*~tactically~*~*~ (cloud).
 30280 | Swamp:1  | 30280 ||| Stepping ~*~*~tactically~*~*~ (stealth).
 30284 | Swamp:1  | 30284 ||| Stepping ~*~*~tactically~*~*~ (cloud).
 30288 | Swamp:1  | 30288 ||| Stepping ~*~*~tactically~*~*~ (cloud).
 30609 | Swamp:2  | Reached skill level 18 in Axes
 30673 | Swamp:2  | 30673 ||| INVOKING Heroism.
 30696 | Swamp:2  | 30696 ||| Stepping ~*~*~tactically~*~*~ (cloud).
 30697 | Swamp:2  | 30697 ||| Stepping ~*~*~tactically~*~*~ (cloud).
 30712 | Swamp:2  | 30712 ||| SWAPPING to +6 war axe of flaming.
 30715 | Swamp:2  | Reached ****** piety under Okawaru
 30715 | Swamp:2  | Identified the +6 war axe of Van Vef {drain, rC+ Str-5
                  | Int+4 Stlth+} (Okawaru gifted it to you on level 2 of the
                  | Swamp)
 30715 | Swamp:2  | Received a gift from Okawaru
 30716 | Swamp:2  | 30716 ||| SWAPPING to +3 broad axe of draining.
 30750 | Swamp:2  | 30750 ||| FLEEEEING.
 30818 | Swamp:2  | 30818 ||| INVOKING Heroism.
 30859 | Swamp:2  | 30859 ||| Stepping ~*~*~tactically~*~*~ (stealth).
 30887 | Swamp:2  | 30887 ||| Stepping ~*~*~tactically~*~*~ (hiding).
 30890 | Swamp:2  | 30890 ||| INVOKING Heroism.
 30891 | Swamp:2  | Noticed Donald
 30892 | Swamp:2  | 30892 ||| INVOKING Finesse.
 30899 | Swamp:2  | 30899 ||| SWAPPING to +6 war axe of flaming.
 30902 | Swamp:2  | 30902 ||| SWAPPING to +3 broad axe of draining.
 30903 | Swamp:2  | 30903 ||| SWAPPING to +6 war axe of flaming.
 30905 | Swamp:2  | 30905 ||| SWAPPING to +3 broad axe of draining.
 30906 | Swamp:2  | 30906 ||| SWAPPING to +6 war axe of flaming.
 30907 | Swamp:2  | 30907 ||| SWAPPING to +3 broad axe of draining.
 30908 | Swamp:2  | 30908 ||| SWAPPING to +6 war axe of flaming.
 30913 | Swamp:2  | Killed Donald
 30923 | Swamp:2  | 30923 ||| SWAPPING to +3 broad axe of draining.
 31109 | Swamp:2  | 31109 ||| FLEEEEING.
 31126 | Swamp:2  | 31126 ||| Stepping ~*~*~tactically~*~*~ (stealth).
 31135 | Swamp:2  | 31135 ||| Stepping ~*~*~tactically~*~*~ (stealth).
 31243 | Swamp:2  | 31243 ||| Stepping ~*~*~tactically~*~*~ (hiding).
 31287 | Swamp:2  | 31287 ||| DROPPING +6 war axe of Van Vef {drain, rC+ Str-5
                  | Int+4 Stlth+}.
 31525 | Swamp:2  | 31525 ||| Stepping ~*~*~tactically~*~*~ (hiding).
 31543 | Swamp:2  | Reached skill level 14 in Fighting
 31543 | Swamp:2  | Reached XP level 18. HP: 116/116 MP: 25/25
 31584 | Swamp:2  | 31584 ||| DROPPING +6 war axe of flaming.
 31721 | Swamp:3  | 31721 ||| Stepping ~*~*~tactically~*~*~ (hiding).
 31748 | Swamp:3  | Reached skill level 18 in Shields
 31914 | Swamp:3  | 31914 ||| INVOKING Heroism.
 32001 | Swamp:3  | 32001 ||| Stepping ~*~*~tactically~*~*~ (cloud).
 32116 | Swamp:3  | 32116 ||| INVOKING Heroism.
 32127 | Swamp:3  | Received a gift from Okawaru
 32131 | Swamp:3  | HP: 29/116 [bunyip[a spriggan druid] (20)]
 32132 | Swamp:3  | 32132 ||| READING 12 scrolls of teleportation.
 32133 | Swamp:3  | 32133 ||| DRINKING 2 potions of heal wounds.
 32438 | Swamp:3  | 32438 ||| Stepping ~*~*~tactically~*~*~ (hiding).
 32439 | Swamp:3  | 32439 ||| INVOKING Heroism.
 32513 | Swamp:3  | 32513 ||| INVOKING Heroism.
 32779 | Swamp:3  | 32779 ||| INVOKING Heroism.
 32792 | Swamp:3  | Identified the +0 helmet "Zimp" {rPois rF+ Dex+3 Slay+3}
                  | (Okawaru gifted it to you on level 3 of the Swamp)
 32792 | Swamp:3  | Received a gift from Okawaru
 32868 | Swamp:3  | 32868 ||| PLANNING SPIDER:1-3
 32868 | Swamp:3  | 32868 ||| UPGRADING to +0 helmet "Zimp" {rPois rF+ Dex+3
                  | Slay+3}.
 32878 | Swamp:3  | 32878 ||| DROPPING +2 helmet.
 32992 | Spider:1 | Entered Level 1 of the Spider Nest
 33017 | Spider:1 | 33017 ||| INVOKING Finesse.
 33020 | Spider:1 | 33020 ||| INVOKING Heroism.
 33397 | Spider:1 | 33397 ||| Stepping ~*~*~tactically~*~*~ (stealth).
 33399 | Spider:1 | 33399 ||| INVOKING Heroism.
 33947 | Spider:1 | 33947 ||| Stepping ~*~*~tactically~*~*~ (hiding).
 33965 | Spider:1 | 33965 ||| Stepping ~*~*~tactically~*~*~ (stealth).
 34219 | Spider:1 | 34219 ||| DROPPING amulet of guardian spirit.
 34265 | Spider:2 | 34265 ||| INVOKING Heroism.
 34266 | Spider:2 | 34266 ||| Stepping ~*~*~tactically~*~*~ (stealth).
 34319 | Spider:2 | 34319 ||| DRINKING 18 potions of curing.
 34319 | Spider:2 | 34319 ||| (to cure confusion)
 34332 | Spider:2 | 34332 ||| INVOKING Heroism.
 34364 | Spider:2 | 34364 ||| INVOKING Heroism.
 34373 | Spider:2 | Reached skill level 15 in Fighting
 34394 | Spider:2 | 34394 ||| Stepping ~*~*~tactically~*~*~ (stealth).
 34404 | Spider:2 | 34404 ||| INVOKING Heroism.
 34411 | Spider:2 | 34411 ||| DRINKING 17 potions of curing.
 34411 | Spider:2 | 34411 ||| (to cure confusion)
 34430 | Spider:2 | 34430 ||| Stepping ~*~*~tactically~*~*~ (stealth).
 34439 | Spider:2 | 34439 ||| Stepping ~*~*~tactically~*~*~ (stealth).
 34698 | Spider:2 | 34698 ||| Stepping ~*~*~tactically~*~*~ (stealth).
 34703 | Spider:2 | 34703 ||| INVOKING Heroism.
 34780 | Spider:2 | 34780 ||| INVOKING Heroism.
 34796 | Spider:2 | 34796 ||| Stepping ~*~*~tactically~*~*~ (stealth).
 34797 | Spider:2 | 34797 ||| Stepping ~*~*~tactically~*~*~ (stealth).
 34809 | Spider:2 | 34809 ||| Stepping ~*~*~tactically~*~*~ (stealth).
 34826 | Spider:2 | 34826 ||| Stepping ~*~*~tactically~*~*~ (stealth).
 34843 | Spider:2 | 34843 ||| Stepping ~*~*~tactically~*~*~ (stealth).
 34859 | Spider:2 | 34859 ||| Stepping ~*~*~tactically~*~*~ (stealth).
 34863 | Spider:2 | 34863 ||| INVOKING Heroism.
 34874 | Spider:2 | Reached skill level 15 in Armour
 34877 | Spider:2 | 34877 ||| DRINKING 17 potions of curing.
 34877 | Spider:2 | 34877 ||| (to cure confusion)
 34938 | Spider:2 | 34938 ||| Stepping ~*~*~tactically~*~*~ (stealth).
 34949 | Spider:2 | 34949 ||| INVOKING Heroism.
 34951 | Spider:2 | 34951 ||| Stepping ~*~*~tactically~*~*~ (hiding).
 34952 | Spider:2 | 34952 ||| Stepping ~*~*~tactically~*~*~ (hiding).
 35030 | Spider:2 | 35030 ||| READING scroll of brand weapon.
 35030 | Spider:2 | 35030 ||| BRANDING +3 broad axe of draining.
 35179 | Spider:2 | Identified the +2 hat "Qusasyd" {Rampage rC+ rCorr MP-9}
 35294 | Spider:2 | 35294 ||| DROPPING -2 hat.
 35295 | Spider:2 | 35295 ||| DROPPING -2 hat.
 35311 | Spider:3 | 35311 ||| Stepping ~*~*~tactically~*~*~ (stealth).
 35312 | Spider:3 | 35312 ||| Stepping ~*~*~tactically~*~*~ (stealth).
 35323 | Spider:3 | Identified the +1 pair of gloves of the Ant {*Slow rN+++
                  | Will- Str+6} (Okawaru gifted it to you on level 3 of the
                  | Spider Nest)
 35323 | Spider:3 | Received a gift from Okawaru
 35329 | Spider:3 | 35329 ||| Stepping ~*~*~tactically~*~*~ (stealth).
 35468 | Spider:3 | 35468 ||| Stepping ~*~*~tactically~*~*~ (stealth).
 35545 | Spider:3 | 35545 ||| Stepping ~*~*~tactically~*~*~ (hiding).
 35547 | Spider:3 | 35547 ||| Stepping ~*~*~tactically~*~*~ (hiding).
 35549 | Spider:3 | 35549 ||| Stepping ~*~*~tactically~*~*~ (hiding).
 35552 | Spider:3 | 35552 ||| INVOKING Finesse.
 35554 | Spider:3 | 35554 ||| INVOKING Heroism.
 35560 | Spider:3 | Reached XP level 19. HP: 85/124 MP: 19/26
 35704 | Spider:3 | 35704 ||| Stepping ~*~*~tactically~*~*~ (stealth).
 35721 | Spider:3 | 35721 ||| INVOKING Heroism.
 35768 | Spider:3 | 35768 ||| Stepping ~*~*~tactically~*~*~ (stealth).
 35772 | Spider:3 | 35772 ||| Stepping ~*~*~tactically~*~*~ (stealth).
 35773 | Spider:3 | 35773 ||| Stepping ~*~*~tactically~*~*~ (stealth).
 35775 | Spider:3 | 35775 ||| Stepping ~*~*~tactically~*~*~ (stealth).
 35796 | Spider:3 | 35796 ||| INVOKING Heroism.
 35894 | Spider:3 | 35894 ||| INVOKING Finesse.
 36086 | Spider:3 | 36086 ||| Stepping ~*~*~tactically~*~*~ (stealth).
 36087 | Spider:3 | 36087 ||| Stepping ~*~*~tactically~*~*~ (stealth).
 36231 | Spider:3 | 36231 ||| PLANNING SWAMP:4
 36373 | Swamp:4  | Entered Level 4 of the Swamp
 36385 | Swamp:4  | 36385 ||| STAIRDANCE
 36449 | Swamp:4  | 36449 ||| Stepping ~*~*~tactically~*~*~ (hiding).
 36568 | Swamp:4  | 36568 ||| READING scroll of brand weapon.
 36568 | Swamp:4  | 36568 ||| BRANDING +3 broad axe of electrocution.
 36723 | Swamp:4  | 36723 ||| Stepping ~*~*~tactically~*~*~ (cloud).
 36729 | Swamp:4  | Reached skill level 16 in Fighting
 36760 | Swamp:4  | 36760 ||| INVOKING Heroism.
 36793 | Swamp:4  | 36793 ||| READING scroll of enchant weapon.
 36793 | Swamp:4  | 36793 ||| ENCHANTING +3 vampiric broad axe.
 36850 | Swamp:4  | Identified the +2 pair of gloves of Ignis's Hope {Rampage
                  | rC+ Dex+2}
 36851 | Swamp:4  | 36851 ||| INVOKING Heroism.
 36896 | Swamp:4  | 36896 ||| FLEEEEING.
 36897 | Swamp:4  | 36897 ||| FLEEEEING.
 36984 | Swamp:4  | Noticed xfalz's ghost (journeyman GnSk)
 36988 | Swamp:4  | 36988 ||| INVOKING Heroism.
 37081 | Swamp:4  | Found a transporter.
 37081 | Swamp:4  | Found a one-way gate to the infinite horrors of the Abyss.
 37082 | Swamp:4  | Found a transporter.
 37101 | Swamp:4  | 37101 ||| INVOKING Heroism.
 37173 | Swamp:4  | 37173 ||| Stepping ~*~*~tactically~*~*~ (hiding).
 37175 | Swamp:4  | 37175 ||| Stepping ~*~*~tactically~*~*~ (hiding).
 37203 | Swamp:4  | 37203 ||| INVOKING Heroism.
 37308 | Swamp:4  | 37308 ||| FLEEEEING.
 37309 | Swamp:4  | 37309 ||| FLEEEEING.
 37310 | Swamp:4  | 37310 ||| FLEEEEING.
 37311 | Swamp:4  | 37311 ||| FLEEEEING.
 37312 | Swamp:4  | 37312 ||| FLEEEEING.
 37313 | Swamp:4  | 37313 ||| FLEEEEING.
 37314 | Swamp:4  | 37314 ||| FLEEEEING.
 37315 | Swamp:4  | 37315 ||| FLEEEEING.
 37316 | Swamp:4  | 37316 ||| FLEEEEING.
 37317 | Swamp:4  | 37317 ||| FLEEEEING.
 37318 | Swamp:4  | 37318 ||| FLEEEEING.
 37319 | Swamp:4  | 37319 ||| FLEEEEING.
 37320 | Swamp:4  | 37320 ||| FLEEEEING.
 37321 | Swamp:4  | 37321 ||| FLEEEEING.
 37322 | Swamp:4  | 37322 ||| FLEEEEING.
 37323 | Swamp:4  | 37323 ||| FLEEEEING.
 37324 | Swamp:4  | 37324 ||| FLEEEEING.
 37335 | Swamp:4  | 37335 ||| FLEEEEING.
 37336 | Swamp:4  | 37336 ||| FLEEEEING.
 37337 | Swamp:4  | 37337 ||| FLEEEEING.
 37338 | Swamp:4  | 37338 ||| STAIRDANCE
 37340 | Swamp:3  | 37340 ||| READING scroll labelled OKHLAO HAUCSI.
 37446 | Swamp:4  | 37446 ||| Stepping ~*~*~tactically~*~*~ (stealth).
 37447 | Swamp:4  | 37447 ||| Stepping ~*~*~tactically~*~*~ (hiding).
 37478 | Swamp:4  | 37478 ||| Stepping ~*~*~tactically~*~*~ (stealth).
 37502 | Swamp:4  | 37502 ||| INVOKING Heroism.
 37564 | Swamp:4  | 37564 ||| INVOKING Heroism.
 37570 | Swamp:4  | Noticed a bone dragon
 37590 | Swamp:4  | Killed a bone dragon
 37897 | Swamp:4  | Got a decaying rune of Zot
 37978 | Swamp:4  | 37978 ||| PLANNING VAULTS:1-4
 37978 | Swamp:4  | 37978 ||| DROPPING ring of positive energy.
 38192 | Vaults:1 | Entered Level 1 of the Vaults
 38294 | Vaults:1 | Found a transporter.
 38297 | Vaults:1 | Noticed a tentacled monstrosity
 38305 | Vaults:1 | Found a transporter.
 38348 | Vaults:1 | 38348 ||| INVOKING Heroism.
 38350 | Vaults:1 | 38350 ||| Stepping ~*~*~tactically~*~*~ (stealth).
 38353 | Vaults:1 | 38353 ||| Stepping ~*~*~tactically~*~*~ (stealth).
 38376 | Vaults:1 | Received a gift from Okawaru
 38377 | Vaults:1 | Reached skill level 6 in Dodging
 38464 | Vaults:1 | 38464 ||| INVOKING Heroism.
 38465 | Vaults:1 | 38465 ||| INVOKING Finesse.
 38554 | Vaults:1 | 38554 ||| Stepping ~*~*~tactically~*~*~ (hiding).
 38558 | Vaults:1 | 38558 ||| INVOKING Heroism.
 38600 | Vaults:1 | 38600 ||| Stepping ~*~*~tactically~*~*~ (hiding).
 38697 | Vaults:1 | Found Archuim's Weapon Shoppe.
 38767 | Vaults:1 | 38767 ||| Stepping ~*~*~tactically~*~*~ (hiding).
 38770 | Vaults:1 | 38770 ||| INVOKING Heroism.
 38870 | Vaults:1 | 38870 ||| Stepping ~*~*~tactically~*~*~ (hiding).
 38877 | Vaults:1 | 38877 ||| INVOKING Heroism.
 38878 | Vaults:1 | 38878 ||| INVOKING Finesse.
 38911 | Vaults:1 | Reached skill level 17 in Fighting
 39003 | Vaults:1 | 39003 ||| INVOKING Heroism.
 39063 | Vaults:1 | Identified the +9 hand axe of Integrity {venom, rC+ Str+4
                  | Int+3} (Okawaru gifted it to you on level 1 of the Vaults)
 39063 | Vaults:1 | Received a gift from Okawaru
 39120 | Vaults:1 | Found a runed translucent gate.
 39120 | Vaults:1 | Found a runed translucent gate.
 39121 | Vaults:1 | Found a runed translucent gate.
 39121 | Vaults:1 | Noticed TPoD's ghost (adept HOMo)
 39181 | Vaults:1 | 39181 ||| INVOKING Heroism.
 39349 | Vaults:1 | 39349 ||| DRINKING 17 potions of curing.
 39349 | Vaults:1 | 39349 ||| (to cure confusion)
 39353 | Vaults:1 | 39353 ||| INVOKING Heroism.
 39354 | Vaults:1 | 39354 ||| INVOKING Finesse.
 39496 | Vaults:1 | 39496 ||| INVOKING Heroism.
 39518 | Vaults:1 | Reached XP level 20. HP: 134/134 MP: 27/27
 39684 | Vaults:1 | 39684 ||| DROPPING +1 ring mail "Deanwig" {rF+ rC+ Regen+
                  | Dex-5}.
 39685 | Vaults:1 | 39685 ||| DROPPING +1 chain mail of fire resistance.
 39739 | Vaults:2 | 39739 ||| INVOKING Heroism.
 39789 | Vaults:2 | 39789 ||| Stepping ~*~*~tactically~*~*~ (hiding).
 39790 | Vaults:2 | 39790 ||| Stepping ~*~*~tactically~*~*~ (hiding).
 39922 | Vaults:2 | 39922 ||| Stepping ~*~*~tactically~*~*~ (hiding).
 39923 | Vaults:2 | 39923 ||| Stepping ~*~*~tactically~*~*~ (hiding).
 39994 | Vaults:2 | 39994 ||| Stepping ~*~*~tactically~*~*~ (stealth).
 39995 | Vaults:2 | 39995 ||| Stepping ~*~*~tactically~*~*~ (stealth).
 40044 | Vaults:2 | Noticed Jory
 40070 | Vaults:2 | Killed Jory
 40070 | Vaults:2 | Received a gift from Okawaru
 40302 | Vaults:2 | 40302 ||| INVOKING Heroism.
 40366 | Vaults:2 | 40366 ||| Stepping ~*~*~tactically~*~*~ (hiding).
 40368 | Vaults:2 | 40368 ||| Stepping ~*~*~tactically~*~*~ (hiding).
 40535 | Vaults:2 | 40535 ||| INVOKING Heroism.
 40552 | Vaults:2 | Reached skill level 18 in Fighting
 40611 | Vaults:2 | 40611 ||| Stepping ~*~*~tactically~*~*~ (stealth).
 40757 | Vaults:2 | Found a staircase to the Crypt.
 40856 | Vaults:2 | 40856 ||| Stepping ~*~*~tactically~*~*~ (stealth).
 40858 | Vaults:2 | 40858 ||| Stepping ~*~*~tactically~*~*~ (hiding).
 40859 | Vaults:2 | 40859 ||| Stepping ~*~*~tactically~*~*~ (hiding).
 40903 | Vaults:2 | 40903 ||| FLEEEEING.
 40904 | Vaults:2 | 40904 ||| FLEEEEING.
 40905 | Vaults:2 | 40905 ||| STAIRDANCE
 41188 | Vaults:1 | 41188 ||| DROPPING +2 pair of gloves of hurling.
 41314 | Vaults:2 | 41314 ||| READING 13 scrolls of teleportation.
 41356 | Vaults:2 | Found a runed translucent gate.
 41356 | Vaults:2 | Found a runed translucent gate.
 41357 | Vaults:2 | Found a runed translucent gate.
 41357 | Vaults:2 | Noticed royokou's ghost (veteran MiFi)
 41461 | Vaults:2 | 41461 ||| INVOKING Heroism.
 41659 | Vaults:2 | 41659 ||| INVOKING Heroism.
 41717 | Vaults:2 | 41717 ||| INVOKING Heroism.
 42132 | Vaults:2 | 42132 ||| INVOKING Heroism.
 42133 | Vaults:2 | 42133 ||| INVOKING Finesse.
 42144 | Vaults:2 | 42144 ||| DRINKING 16 potions of curing.
 42144 | Vaults:2 | 42144 ||| (to cure confusion)
 42165 | Vaults:2 | 42165 ||| DRINKING 15 potions of curing.
 42165 | Vaults:2 | 42165 ||| (to cure confusion)
 42249 | Vaults:2 | 42249 ||| READING scroll of acquirement.
 42249 | Vaults:2 | 42249 ||| ACQUIRING ring "Teocoes" {rC+ Will- rCorr Int+3}
 42249 | Vaults:2 | Acquired the ring "Teocoes" {rC+ Will- rCorr Int+3}
 42375 | Vaults:3 | 42375 ||| FLEEEEING.
 42376 | Vaults:3 | 42376 ||| STAIRDANCE
 42689 | Vaults:3 | 42689 ||| INVOKING Heroism.
 42717 | Vaults:3 | Reached skill level 18 in Armour
 42851 | Vaults:3 | 42851 ||| INVOKING Heroism.
 42898 | Vaults:3 | 42898 ||| Stepping ~*~*~tactically~*~*~ (hiding).
 42899 | Vaults:3 | 42899 ||| Stepping ~*~*~tactically~*~*~ (hiding).
 42916 | Vaults:3 | 42916 ||| Stepping ~*~*~tactically~*~*~ (hiding).
 42917 | Vaults:3 | 42917 ||| Stepping ~*~*~tactically~*~*~ (hiding).
 42918 | Vaults:3 | 42918 ||| Stepping ~*~*~tactically~*~*~ (hiding).
 43072 | Vaults:3 | 43072 ||| Stepping ~*~*~tactically~*~*~ (hiding).
 43273 | Vaults:3 | 43273 ||| Stepping ~*~*~tactically~*~*~ (hiding).
 43287 | Vaults:3 | 43287 ||| Stepping ~*~*~tactically~*~*~ (stealth).
 43292 | Vaults:3 | 43292 ||| INVOKING Heroism.
 43345 | Vaults:3 | Received a gift from Okawaru
 43367 | Vaults:3 | 43367 ||| FLEEEEING.
 43368 | Vaults:3 | 43368 ||| FLEEEEING.
 43369 | Vaults:3 | 43369 ||| FLEEEEING.
 43370 | Vaults:3 | 43370 ||| FLEEEEING.
 43371 | Vaults:3 | 43371 ||| FLEEEEING.
 43372 | Vaults:3 | 43372 ||| FLEEEEING.
 43373 | Vaults:3 | 43373 ||| FLEEEEING.
 43381 | Vaults:3 | 43381 ||| FLEEEEING.
 43382 | Vaults:3 | 43382 ||| FLEEEEING.
 43383 | Vaults:3 | 43383 ||| FLEEEEING.
 43384 | Vaults:3 | 43384 ||| FLEEEEING.
 43385 | Vaults:3 | 43385 ||| FLEEEEING.
 43386 | Vaults:3 | 43386 ||| FLEEEEING.
 43387 | Vaults:3 | 43387 ||| FLEEEEING.
 43388 | Vaults:3 | 43388 ||| FLEEEEING.
 43389 | Vaults:3 | 43389 ||| FLEEEEING.
 43390 | Vaults:3 | 43390 ||| FLEEEEING.
 43391 | Vaults:3 | 43391 ||| FLEEEEING.
 43392 | Vaults:3 | 43392 ||| FLEEEEING.
 43393 | Vaults:3 | 43393 ||| FLEEEEING.
 43394 | Vaults:3 | 43394 ||| FLEEEEING.
 43401 | Vaults:3 | 43401 ||| FLEEEEING.
 43402 | Vaults:3 | 43402 ||| FLEEEEING.
 43403 | Vaults:3 | 43403 ||| FLEEEEING.
 43404 | Vaults:3 | 43404 ||| FLEEEEING.
 43405 | Vaults:3 | 43405 ||| FLEEEEING.
 43406 | Vaults:3 | 43406 ||| FLEEEEING.
 43407 | Vaults:3 | 43407 ||| FLEEEEING.
 43408 | Vaults:3 | 43408 ||| FLEEEEING.
 43409 | Vaults:3 | 43409 ||| FLEEEEING.
 43410 | Vaults:3 | 43410 ||| FLEEEEING.
 43411 | Vaults:3 | 43411 ||| FLEEEEING.
 43412 | Vaults:3 | 43412 ||| FLEEEEING.
 43413 | Vaults:3 | 43413 ||| FLEEEEING.
 43414 | Vaults:3 | 43414 ||| FLEEEEING.
 43415 | Vaults:3 | 43415 ||| FLEEEEING.
 43416 | Vaults:3 | 43416 ||| FLEEEEING.
 43417 | Vaults:3 | 43417 ||| FLEEEEING.
 43418 | Vaults:3 | 43418 ||| FLEEEEING.
 43419 | Vaults:3 | 43419 ||| FLEEEEING.
 43420 | Vaults:3 | 43420 ||| FLEEEEING.
 43421 | Vaults:3 | 43421 ||| FLEEEEING.
 43422 | Vaults:3 | 43422 ||| FLEEEEING.
 43423 | Vaults:3 | 43423 ||| FLEEEEING.
 43425 | Vaults:3 | 43425 ||| FLEEEEING.
 43429 | Vaults:3 | 43429 ||| STAIRDANCE
 43857 | Vaults:3 | 43857 ||| Stepping ~*~*~tactically~*~*~ (hiding).
 43871 | Vaults:3 | 43871 ||| Stepping ~*~*~tactically~*~*~ (hiding).
 43889 | Vaults:3 | 43889 ||| Stepping ~*~*~tactically~*~*~ (hiding).
 43914 | Vaults:3 | 43914 ||| Stepping ~*~*~tactically~*~*~ (stealth).
 43916 | Vaults:3 | 43916 ||| Stepping ~*~*~tactically~*~*~ (stealth).
 43967 | Vaults:3 | 43967 ||| INVOKING Heroism.
 43971 | Vaults:3 | Reached XP level 21. HP: 142/142 MP: 25/28
 44374 | Vaults:3 | 44374 ||| UPGRADING to +2 tower shield.
 44384 | Vaults:3 | 44384 ||| DROPPING +0 tower shield.
 44413 | Vaults:4 | 44413 ||| READING scroll of enchant weapon.
 44413 | Vaults:4 | 44413 ||| ENCHANTING +4 vampiric broad axe.
 44434 | Vaults:4 | 44434 ||| INVOKING Heroism.
 44454 | Vaults:4 | Reached skill level 19 in Fighting
 44456 | Abyss:4  | Cast into level 4 of the Abyss (a wizard)
 44491 | Abyss:4  | 44491 ||| Stepping ~*~*~tactically~*~*~ (stealth).
 44497 | Abyss:4  | 44497 ||| Stepping ~*~*~tactically~*~*~ (stealth).
 44498 | Abyss:4  | 44498 ||| Stepping ~*~*~tactically~*~*~ (stealth).
 44501 | Abyss:4  | 44501 ||| Stepping ~*~*~tactically~*~*~ (hiding).
 44507 | Abyss:4  | 44507 ||| INVOKING Heroism.
 44542 | Abyss:4  | 44542 ||| Stepping ~*~*~tactically~*~*~ (stealth).
 44547 | Abyss:4  | 44547 ||| Stepping ~*~*~tactically~*~*~ (stealth).
 44548 | Abyss:4  | 44548 ||| Stepping ~*~*~tactically~*~*~ (stealth).
 44549 | Abyss:4  | 44549 ||| Stepping ~*~*~tactically~*~*~ (stealth).
 44552 | Abyss:4  | 44552 ||| Stepping ~*~*~tactically~*~*~ (hiding).
 44556 | Abyss:4  | 44556 ||| INVOKING Heroism.
 44573 | Abyss:4  | 44573 ||| Stepping ~*~*~tactically~*~*~ (stealth).
 44603 | Abyss:4  | 44603 ||| Stepping ~*~*~tactically~*~*~ (stealth).
 44605 | Abyss:4  | 44605 ||| Stepping ~*~*~tactically~*~*~ (stealth).
 44607 | Abyss:4  | 44607 ||| INVOKING Heroism.
 44608 | Abyss:4  | 44608 ||| INVOKING Finesse.
 44677 | Abyss:4  | 44677 ||| Stepping ~*~*~tactically~*~*~ (stealth).
 44679 | Abyss:4  | 44679 ||| Stepping ~*~*~tactically~*~*~ (stealth).
 44682 | Abyss:4  | 44682 ||| INVOKING Heroism.
 44684 | Abyss:4  | Noticed a profane servitor
 44688 | Abyss:4  | Gained mutation: Your body often deteriorates upon taking
                  | damage. [a cacodemon]
 44698 | Abyss:4  | 44698 ||| INVOKING Finesse.
 44701 | Abyss:4  | 44701 ||| DRINKING 3 potions of resistance.
 44713 | Abyss:4  | Killed a profane servitor
 44713 | Abyss:4  | Received a gift from Okawaru
 44734 | Abyss:4  | 44734 ||| INVOKING Heroism.
 44759 | Abyss:4  | 44759 ||| DRINKING potion of mutation.
 44759 | Abyss:4  | Lost mutation: You are clumsy. (Dex -2) [potion of
                  | mutation]
 44759 | Abyss:4  | Lost mutation: Your body often deteriorates upon taking
                  | damage. [potion of mutation]
 44759 | Abyss:4  | Lost mutation: Your body sometimes deteriorates upon taking
                  | damage. [potion of mutation]
 44759 | Abyss:4  | Gained mutation: Your muscles are strong. (Str +4, Int/Dex
                  | -1) [potion of mutation]
 44760 | Abyss:4  | 44760 ||| Stepping ~*~*~tactically~*~*~ (hiding).
 44761 | Abyss:4  | 44761 ||| Stepping ~*~*~tactically~*~*~ (hiding).
 44766 | Abyss:4  | 44766 ||| Stepping ~*~*~tactically~*~*~ (hiding).
 44779 | Abyss:4  | Received a gift from Okawaru
 44780 | Abyss:4  | Noticed a profane servitor
 44782 | Vaults:4 | Escaped the Abyss
 44834 | Vaults:4 | 44834 ||| Stepping ~*~*~tactically~*~*~ (stealth).
 44850 | Vaults:4 | 44850 ||| Stepping ~*~*~tactically~*~*~ (stealth).
 44861 | Vaults:4 | Paralysed by a sphinx for 2 turns
 44865 | Vaults:4 | 44865 ||| DRINKING 14 potions of curing.
 44865 | Vaults:4 | 44865 ||| (to cure confusion)
 44866 | Vaults:4 | 44866 ||| INVOKING Heroism.
 44868 | Vaults:4 | Received a gift from Okawaru
 45031 | Vaults:4 | 45031 ||| INVOKING Heroism.
 45259 | Vaults:4 | Received a gift from Okawaru
 45354 | Vaults:4 | 45354 ||| Stepping ~*~*~tactically~*~*~ (stealth).
 45413 | Vaults:4 | 45413 ||| Stepping ~*~*~tactically~*~*~ (stealth).
 45488 | Vaults:4 | 45488 ||| Stepping ~*~*~tactically~*~*~ (stealth).
 45491 | Vaults:4 | 45491 ||| Stepping ~*~*~tactically~*~*~ (stealth).
 45494 | Vaults:4 | 45494 ||| INVOKING Heroism.
 45603 | Vaults:4 | 45603 ||| Stepping ~*~*~tactically~*~*~ (hiding).
 45656 | Vaults:4 | 45656 ||| INVOKING Heroism.
 45722 | Vaults:4 | 45722 ||| INVOKING Heroism.
 45989 | Vaults:4 | Found a runed translucent gate.
 45989 | Vaults:4 | Found an opulent altar of Gozag.
 45989 | Vaults:4 | Found a runed translucent gate.
 45989 | Vaults:4 | Found a runed translucent gate.
 45990 | Vaults:4 | Found Dohuvirgh's Assorted Antiques.
 45991 | Vaults:4 | Noticed Getoffmy's ghost (veteran GrFi)
 46147 | Vaults:4 | 46147 ||| DROPPING +1 hat.
 46183 | Vaults:5 | Entered Level 5 of the Vaults
 46184 | Vaults:5 | 46184 ||| INVOKING Heroism.
 46185 | Vaults:5 | 46185 ||| STAIRDANCE
 46196 | Vaults:4 | Received a gift from Okawaru
 46209 | Vaults:5 | 46209 ||| STAIRDANCE
 46218 | Vaults:4 | Reached skill level 20 in Fighting
 46225 | Vaults:5 | 46225 ||| STAIRDANCE
 46227 | Vaults:4 | 46227 ||| INVOKING Finesse.
 46240 | Vaults:4 | Received a gift from Okawaru
 46243 | Vaults:5 | 46243 ||| STAIRDANCE
 46250 | Vaults:4 | 46250 ||| INVOKING Heroism.
 46304 | Vaults:5 | 46304 ||| INVOKING Heroism.
 46311 | Vaults:5 | Identified the +2 hat of Context {Str+7 Dex+5} (Okawaru
                  | gifted it to you on level 5 of the Vaults)
 46311 | Vaults:5 | Received a gift from Okawaru
 46312 | Vaults:5 | Reached XP level 22. HP: 115/148 MP: 27/29
 46313 | Vaults:5 | Reached skill level 9 in Dodging
 46350 | Vaults:5 | Got a silver rune of Zot
 46361 | Vaults:5 | 46361 ||| READING scroll of enchant weapon.
 46361 | Vaults:5 | 46361 ||| ENCHANTING +5 vampiric broad axe.
 46394 | Vaults:5 | 46394 ||| Stepping ~*~*~tactically~*~*~ (hiding).
 46398 | Vaults:5 | 46398 ||| INVOKING Heroism.
 46432 | Vaults:5 | 46432 ||| INVOKING Finesse.
 46448 | Vaults:5 | 46448 ||| Stepping ~*~*~tactically~*~*~ (hiding).
 46457 | Vaults:5 | 46457 ||| INVOKING Heroism.
 46490 | Vaults:5 | 46490 ||| Stepping ~*~*~tactically~*~*~ (stealth).
 46556 | Vaults:5 | Found the +7 lajatang of Order {silver, rMut}
 46557 | Vaults:5 | 46557 ||| INVOKING Heroism.
 46632 | Vaults:5 | 46632 ||| READING scroll of enchant weapon.
 46632 | Vaults:5 | 46632 ||| ENCHANTING +6 vampiric broad axe.
 46637 | Vaults:5 | Identified the +2 helmet "Qoosch" {Rampage *Slow +Inv
                  | rCorr}
 46660 | Vaults:5 | 46660 ||| Stepping ~*~*~tactically~*~*~ (stealth).
 46662 | Vaults:5 | 46662 ||| Stepping ~*~*~tactically~*~*~ (hiding).
 46666 | Vaults:5 | 46666 ||| INVOKING Heroism.
 46703 | Vaults:5 | 46703 ||| Stepping ~*~*~tactically~*~*~ (stealth).
 46705 | Vaults:5 | 46705 ||| Stepping ~*~*~tactically~*~*~ (hiding).
 46708 | Vaults:5 | 46708 ||| Stepping ~*~*~tactically~*~*~ (stealth).
 46711 | Vaults:5 | 46711 ||| INVOKING Heroism.
 46740 | Vaults:5 | 46740 ||| Stepping ~*~*~tactically~*~*~ (hiding).
 46743 | Vaults:5 | 46743 ||| INVOKING Finesse.
 46800 | Vaults:5 | 46800 ||| INVOKING Heroism.
 46808 | Vaults:5 | Reached skill level 21 in Shields
 46817 | Vaults:5 | 46817 ||| Stepping ~*~*~tactically~*~*~ (stealth).
 46873 | Vaults:5 | 46873 ||| Stepping ~*~*~tactically~*~*~ (hiding).
 46874 | Vaults:5 | 46874 ||| Stepping ~*~*~tactically~*~*~ (hiding).
 46879 | Vaults:5 | 46879 ||| INVOKING Heroism.
 46885 | Vaults:5 | Noticed a dread lich
 46886 | Vaults:5 | 46886 ||| INVOKING Finesse.
 46929 | Vaults:5 | Identified the +5 dagger "Qero" {flame, *Rage rPois rN++
                  | Dex+4}
 46933 | Vaults:5 | Killed a dread lich
 46974 | Vaults:5 | Identified the +11 chain mail of the Wilderness {Harm rN+}
 47022 | Vaults:5 | 47022 ||| Stepping ~*~*~tactically~*~*~ (hiding).
 47140 | Vaults:5 | 47140 ||| INVOKING Heroism.
 47141 | Vaults:5 | 47141 ||| INVOKING Finesse.
 47187 | Vaults:5 | 47187 ||| Stepping ~*~*~tactically~*~*~ (hiding).
 47189 | Vaults:5 | 47189 ||| Stepping ~*~*~tactically~*~*~ (hiding).
 47192 | Vaults:5 | 47192 ||| INVOKING Finesse.
 47199 | Vaults:5 | Identified the +2 chain mail "Duifof" {+Inv rCorr Str+4
                  | Dex-4} (Okawaru gifted it to you on level 5 of the Vaults)
 47199 | Vaults:5 | Received a gift from Okawaru
 47209 | Vaults:5 | Reached skill level 21 in Fighting
 47260 | Vaults:5 | Noticed a golden dragon
 47261 | Vaults:5 | 47261 ||| INVOKING Heroism.
 47261 | Vaults:5 | a golden dragon changed into an iron giant
 47281 | Vaults:5 | 47281 ||| Stepping ~*~*~tactically~*~*~ (stealth).
 47282 | Vaults:5 | 47282 ||| Stepping ~*~*~tactically~*~*~ (stealth).
 47299 | Vaults:5 | Identified the +11 war axe "Domaehav" {vorpal, Int+8}
 47376 | Vaults:5 | Reached skill level 6 in Throwing
 47388 | Vaults:5 | 47388 ||| Stepping ~*~*~tactically~*~*~ (stealth).
 47390 | Vaults:5 | 47390 ||| Stepping ~*~*~tactically~*~*~ (stealth).
 47392 | Vaults:5 | 47392 ||| Stepping ~*~*~tactically~*~*~ (stealth).
 47406 | Vaults:5 | 47406 ||| INVOKING Heroism.
 47421 | Vaults:5 | Identified the +11 mace "Amienteu" {vorpal, rCorr SInv}
 47435 | Vaults:5 | 47435 ||| Stepping ~*~*~tactically~*~*~ (hiding).
 47436 | Vaults:5 | 47436 ||| Stepping ~*~*~tactically~*~*~ (hiding).
 47458 | Vaults:5 | 47458 ||| READING scroll of enchant weapon.
 47458 | Vaults:5 | 47458 ||| ENCHANTING +7 vampiric broad axe.
 47473 | Vaults:5 | 47473 ||| Stepping ~*~*~tactically~*~*~ (stealth).
 47475 | Vaults:5 | 47475 ||| Stepping ~*~*~tactically~*~*~ (stealth).
 47478 | Vaults:5 | 47478 ||| Stepping ~*~*~tactically~*~*~ (stealth).
 47485 | Vaults:5 | Identified the ring of Veuw {Drain rElec MP+9 Dex+3 SInv}
 47490 | Vaults:5 | 47490 ||| INVOKING Heroism.
 47491 | Vaults:5 | 47491 ||| INVOKING Finesse.
 47502 | Vaults:5 | Noticed Bai Suzhen
 47546 | Vaults:5 | Killed Bai Suzhen
 47547 | Vaults:5 | 47547 ||| Stepping ~*~*~tactically~*~*~ (cloud).
 47773 | Vaults:5 | 47773 ||| FLEEEEING.
 47774 | Vaults:5 | 47774 ||| FLEEEEING.
 47775 | Vaults:5 | 47775 ||| FLEEEEING.
 47776 | Vaults:5 | 47776 ||| FLEEEEING.
 47777 | Vaults:5 | 47777 ||| FLEEEEING.
 47778 | Vaults:5 | 47778 ||| FLEEEEING.
 47788 | Vaults:5 | 47788 ||| FLEEEEING.
 47789 | Vaults:5 | 47789 ||| FLEEEEING.
 47790 | Vaults:5 | 47790 ||| FLEEEEING.
 47795 | Vaults:5 | 47795 ||| FLEEEEING.
 47796 | Vaults:5 | 47796 ||| FLEEEEING.
 47797 | Vaults:5 | 47797 ||| FLEEEEING.
 47798 | Vaults:5 | 47798 ||| FLEEEEING.
 47799 | Vaults:5 | 47799 ||| FLEEEEING.
 47800 | Vaults:5 | 47800 ||| FLEEEEING.
 47801 | Vaults:5 | 47801 ||| FLEEEEING.
 47806 | Vaults:5 | 47806 ||| Stepping ~*~*~tactically~*~*~ (hiding).
 47997 | Vaults:5 | 47997 ||| INVOKING Heroism.
 47998 | Vaults:5 | 47998 ||| INVOKING Finesse.
 48295 | Vaults:5 | 48295 ||| Stepping ~*~*~tactically~*~*~ (hiding).
 48296 | Vaults:5 | 48296 ||| INVOKING Heroism.
 48349 | Vaults:5 | 48349 ||| DROPPING +0 acid dragon scales.
 48350 | Vaults:5 | 48350 ||| DROPPING +2 scale mail of cold resistance.
 48351 | Vaults:5 | 48351 ||| DROPPING +2 helmet "Qoosch" {Rampage *Slow +Inv
                  | rCorr}.
 48352 | Vaults:5 | 48352 ||| UPGRADING to +0 shadow dragon scales.
 48362 | Vaults:5 | 48362 ||| DROPPING +0 plate armour.
 48363 | Vaults:5 | 48363 ||| UPGRADING to +3 plate armour.
 48373 | Vaults:5 | 48373 ||| DROPPING +0 shadow dragon scales.
 48374 | Vaults:5 | 48374 ||| UPGRADING to +2 plate armour of willpower.
 48384 | Vaults:5 | 48384 ||| DROPPING +0 helmet of see invisible.
 48385 | Vaults:5 | 48385 ||| DROPPING +4 ring of protection.
 48528 | Vaults:4 | 48528 ||| PLANNING SPIDER:4
 48856 | Spider:4 | Entered Level 4 of the Spider Nest
 48860 | Spider:4 | 48860 ||| STAIRDANCE
 48862 | Spider:3 | 48862 ||| INVOKING Heroism.
 48902 | Spider:4 | Reached XP level 23. HP: 125/160 MP: 30/30
 49052 | Spider:4 | 49052 ||| Stepping ~*~*~tactically~*~*~ (stealth).
 49053 | Spider:4 | 49053 ||| Stepping ~*~*~tactically~*~*~ (stealth).
 49055 | Spider:4 | 49055 ||| STAIRDANCE
 49063 | Spider:4 | 49063 ||| STAIRDANCE
 49070 | Spider:4 | 49070 ||| STAIRDANCE
 49080 | Spider:4 | Found a runed translucent door.
 49098 | Spider:4 | Noticed Vubreenic's ghost (adept CeHu)
 49105 | Spider:4 | 49105 ||| INVOKING Heroism.
 49285 | Spider:4 | 49285 ||| READING scroll of enchant armour.
 49285 | Spider:4 | 49285 ||| ENCHANTING +2 plate armour of willpower.
 49293 | Spider:4 | 49293 ||| INVOKING Heroism.
 49359 | Spider:4 | 49359 ||| INVOKING Heroism.
 49373 | Spider:4 | Reached skill level 9 in Throwing
 49485 | Spider:4 | 49485 ||| INVOKING Heroism.
 49578 | Spider:4 | 49578 ||| Stepping ~*~*~tactically~*~*~ (stealth).
 49895 | Spider:4 | 49895 ||| Stepping ~*~*~tactically~*~*~ (stealth).
 49922 | Spider:4 | 49922 ||| READING scroll of enchant armour.
 49922 | Spider:4 | 49922 ||| ENCHANTING +3 plate armour of willpower.
 49948 | Spider:4 | 49948 ||| INVOKING Heroism.
 50099 | Spider:4 | Got a gossamer rune of Zot
 50181 | Spider:4 | 50181 ||| PLANNING DEPTHS
 50181 | Spider:4 | 50181 ||| DROPPING scarf of shadows.
 50182 | Spider:4 | 50182 ||| DROPPING +1 pair of gloves of dexterity.
 50183 | Spider:4 | 50183 ||| DROPPING +3 plate armour.
 50184 | Spider:4 | 50184 ||| READING 19 scrolls of identify.
 50184 | Spider:4 | 50184 ||| IDENTIFYING smoky green potion
 50185 | Spider:4 | 50185 ||| DRINKING potion of experience.
 50185 | Spider:4 | Reached XP level 24. HP: 166/166 MP: 30/30
 50377 | Depths:1 | Entered Level 1 of the Depths
 50394 | Depths:1 | Received a gift from Okawaru
 50424 | Depths:1 | 50424 ||| Stepping ~*~*~tactically~*~*~ (stealth).
 50425 | Depths:1 | 50425 ||| Stepping ~*~*~tactically~*~*~ (stealth).
 50436 | Depths:1 | 50436 ||| INVOKING Heroism.
 50469 | Depths:1 | Identified the +0 helmet of Juskeos {Str+5}
 50536 | Depths:1 | 50536 ||| Stepping ~*~*~tactically~*~*~ (hiding).
 50539 | Depths:1 | 50539 ||| Stepping ~*~*~tactically~*~*~ (hiding).
 50553 | Depths:1 | 50553 ||| Stepping ~*~*~tactically~*~*~ (hiding).
 50560 | Depths:1 | 50560 ||| INVOKING Heroism.
 50583 | Depths:1 | Found a one-way gateway to a ziggurat.
 50590 | Depths:1 | Identified the +5 ring mail of the Doldrums {rF+}
 50599 | Depths:1 | Found a one-way gate leading to the halls of Pandemonium.
 50623 | Depths:1 | Found a gateway to Hell.
 50651 | Depths:1 | 50651 ||| Stepping randomly (cloudy).
 50652 | Depths:1 | 50652 ||| Stepping ~*~*~tactically~*~*~ (cloud).
 50655 | Depths:1 | 50655 ||| Stepping ~*~*~tactically~*~*~ (cloud).
 50657 | Depths:1 | 50657 ||| Stepping ~*~*~tactically~*~*~ (cloud).
 50807 | Depths:1 | 50807 ||| Stepping ~*~*~tactically~*~*~ (stealth).
 50821 | Depths:1 | Reached skill level 21 in Armour
 50833 | Depths:1 | 50833 ||| Stepping ~*~*~tactically~*~*~ (hiding).
 50834 | Depths:1 | 50834 ||| Stepping ~*~*~tactically~*~*~ (hiding).
 50838 | Depths:1 | 50838 ||| INVOKING Heroism.
 50851 | Depths:1 | 50851 ||| Stepping ~*~*~tactically~*~*~ (hiding).
 50853 | Depths:1 | 50853 ||| Stepping ~*~*~tactically~*~*~ (hiding).
 50858 | Depths:1 | 50858 ||| INVOKING Finesse.
 50936 | Depths:1 | 50936 ||| Stepping ~*~*~tactically~*~*~ (hiding).
 51025 | Depths:1 | 51025 ||| READING scroll of enchant weapon.
 51025 | Depths:1 | 51025 ||| ENCHANTING +8 vampiric broad axe.
 51089 | Depths:1 | 51089 ||| Stepping ~*~*~tactically~*~*~ (hiding).
 51325 | Depths:1 | Found a shimmering blue altar of Sif Muna.
 51431 | Depths:1 | 51431 ||| DROPPING +0 helmet of Juskeos {Str+5}.
 51475 | Depths:2 | 51475 ||| Stepping ~*~*~tactically~*~*~ (stealth).
 51478 | Depths:2 | 51478 ||| Stepping ~*~*~tactically~*~*~ (hiding).
 51482 | Depths:2 | 51482 ||| INVOKING Heroism.
 51568 | Depths:2 | Received a gift from Okawaru
 51786 | Depths:2 | 51786 ||| INVOKING Heroism.
 51787 | Depths:2 | 51787 ||| INVOKING Finesse.
 51788 | Depths:2 | 51788 ||| Stepping ~*~*~tactically~*~*~ (cloud).
 51894 | Depths:2 | Noticed a juggernaut
 51895 | Depths:2 | 51895 ||| INVOKING Heroism.
 51896 | Depths:2 | 51896 ||| INVOKING Finesse.
 51914 | Depths:2 | Killed a juggernaut
 51915 | Depths:2 | Reached skill level 22 in Fighting
 51937 | Depths:2 | Received a gift from Okawaru
 52048 | Depths:2 | Received a gift from Okawaru
 52117 | Depths:2 | 52117 ||| INVOKING Heroism.
 52198 | Depths:2 | 52198 ||| Stepping ~*~*~tactically~*~*~ (cloud).
 52199 | Depths:2 | 52199 ||| INVOKING Heroism.
 52200 | Depths:2 | 52200 ||| Stepping ~*~*~tactically~*~*~ (cloud).
 52203 | Depths:2 | Noticed a caustic shrike
 52204 | Depths:2 | 52204 ||| INVOKING Finesse.
 52215 | Depths:2 | Killed a caustic shrike
 52226 | Depths:2 | Reached XP level 25. HP: 173/173 MP: 25/30
 52227 | Depths:2 | Received a gift from Okawaru
 52327 | Depths:2 | 52327 ||| INVOKING Heroism.
 52382 | Depths:2 | 52382 ||| INVOKING Finesse.
 52387 | Depths:2 | Reached skill level 12 in Throwing
 52393 | Depths:2 | 52393 ||| INVOKING Heroism.
 52532 | Depths:2 | 52532 ||| DROPPING +0 broad axe of freezing.
 52533 | Depths:2 | Identified the +6 longbow of the Candelabrum {venom, rElec
                  | Stlth+}
 52643 | Depths:2 | 52643 ||| DROPPING ring of magical power.
 52704 | Depths:2 | 52704 ||| STAIRDANCE
 52708 | Depths:1 | Received a gift from Okawaru
 52712 | Depths:2 | 52712 ||| STAIRDANCE
 52720 | Depths:2 | 52720 ||| STAIRDANCE
 52818 | Depths:2 | 52818 ||| DROPPING +6 ring of intelligence.
 52838 | Depths:3 | 52838 ||| INVOKING Heroism.
 52839 | Depths:3 | Noticed Mara
 52843 | Depths:3 | 52843 ||| INVOKING Finesse.
 52847 | Depths:3 | Noticed qw's illusion
 52876 | Depths:3 | 52876 ||| INVOKING Finesse.
 52896 | Depths:3 | Noticed qw's illusion
 52946 | Depths:3 | Received a gift from Okawaru
 52952 | Depths:3 | 52952 ||| INVOKING Finesse.
 52952 | Depths:3 | Noticed qw's illusion
 52953 | Depths:3 | Killed Mara
 53212 | Depths:3 | 53212 ||| Stepping ~*~*~tactically~*~*~ (hiding).
 53252 | Depths:3 | 53252 ||| Stepping ~*~*~tactically~*~*~ (hiding).
 53253 | Depths:3 | 53253 ||| Stepping ~*~*~tactically~*~*~ (hiding).
 53564 | Depths:3 | 53564 ||| INVOKING Heroism.
 53608 | Depths:3 | 53608 ||| INVOKING Heroism.
 53641 | Depths:3 | 53641 ||| FLEEEEING.
 53642 | Depths:3 | 53642 ||| FLEEEEING.
 53643 | Depths:3 | 53643 ||| FLEEEEING.
 53697 | Depths:3 | 53697 ||| FLEEEEING.
 53698 | Depths:3 | 53698 ||| FLEEEEING.
 54207 | Depths:3 | Noticed a juggernaut
 54207 | Depths:3 | Noticed a juggernaut
 54208 | Depths:3 | 54208 ||| INVOKING Heroism.
 54209 | Depths:3 | 54209 ||| INVOKING Finesse.
 54219 | Depths:3 | Killed a juggernaut
 54227 | Depths:3 | Killed a juggernaut
 54310 | Depths:3 | 54310 ||| Stepping ~*~*~tactically~*~*~ (stealth).
 54312 | Depths:3 | 54312 ||| Stepping ~*~*~tactically~*~*~ (hiding).
 54313 | Depths:3 | 54313 ||| Stepping ~*~*~tactically~*~*~ (hiding).
 54324 | Depths:3 | 54324 ||| Stepping ~*~*~tactically~*~*~ (hiding).
 54336 | Depths:3 | 54336 ||| INVOKING Finesse.
 54339 | Depths:3 | 54339 ||| Stepping ~*~*~tactically~*~*~ (stealth).
 54345 | Depths:3 | 54345 ||| Stepping ~*~*~tactically~*~*~ (stealth).
 54353 | Depths:3 | Received a gift from Okawaru
 54357 | Depths:3 | 54357 ||| INVOKING Heroism.
 54358 | Depths:3 | 54358 ||| Stepping ~*~*~tactically~*~*~ (hiding).
 54365 | Depths:3 | 54365 ||| Stepping ~*~*~tactically~*~*~ (hiding).
 54404 | Depths:3 | 54404 ||| Stepping ~*~*~tactically~*~*~ (stealth).
 54405 | Depths:3 | 54405 ||| READING 16 scrolls of teleportation.
 54409 | Depths:3 | 54409 ||| Stepping ~*~*~tactically~*~*~ (stealth).
 54410 | Depths:3 | 54410 ||| Stepping ~*~*~tactically~*~*~ (hiding).
 54415 | Depths:3 | 54415 ||| INVOKING Heroism.
 54446 | Depths:3 | Identified the ring of Res Nullius {rF+ Dex+4 SInv}
 54524 | Depths:3 | 54524 ||| DROPPING ring of fire.
 54651 | Depths:4 | Entered Level 4 of the Depths
 54651 | Depths:4 | Noticed a juggernaut
 54651 | Depths:4 | Noticed an ancient lich
 54651 | Depths:4 | Found a runed translucent door.
 54715 | Depths:4 | 54715 ||| Stepping ~*~*~tactically~*~*~ (hiding).
 54732 | Depths:4 | 54732 ||| INVOKING Heroism.
 54757 | Depths:4 | Found a gate to the Realm of Zot.
 54778 | Depths:4 | Received a gift from Okawaru
 54800 | Depths:4 | 54800 ||| Stepping ~*~*~tactically~*~*~ (hiding).
 54801 | Depths:4 | 54801 ||| INVOKING Heroism.
 54845 | Depths:4 | 54845 ||| Stepping ~*~*~tactically~*~*~ (stealth).
 54870 | Depths:4 | 54870 ||| Stepping ~*~*~tactically~*~*~ (hiding).
 54872 | Depths:4 | Noticed a juggernaut
 54873 | Depths:4 | 54873 ||| INVOKING Heroism.
 54874 | Depths:4 | 54874 ||| INVOKING Finesse.
 54889 | Depths:4 | Killed a juggernaut
 54890 | Depths:4 | 54890 ||| Stepping ~*~*~tactically~*~*~ (hiding).
 54896 | Depths:4 | 54896 ||| Stepping ~*~*~tactically~*~*~ (hiding).
 54911 | Depths:4 | Reached skill level 23 in Fighting
 55005 | Depths:4 | 55005 ||| READING 2 scrolls of acquirement.
 55005 | Depths:4 | 55005 ||| ACQUIRING 841 gold pieces
 55005 | Depths:4 | Acquired 841 gold pieces
 55007 | Depths:4 | 55007 ||| READING scroll of acquirement.
 55007 | Depths:4 | 55007 ||| ACQUIRING ring of Fatigue {rF+ rCorr Int-3 Dex+2
                  | SInv}
 55007 | Depths:4 | Acquired the ring of Fatigue {rF+ rCorr Int-3 Dex+2 SInv}
 55009 | Depths:4 | 55009 ||| DROPPING ring of protection from fire.
 55182 | Depths:4 | 55182 ||| Stepping ~*~*~tactically~*~*~ (hiding).
 55193 | Depths:4 | 55193 ||| Stepping ~*~*~tactically~*~*~ (hiding).
 55194 | Depths:4 | 55194 ||| Stepping ~*~*~tactically~*~*~ (hiding).
 55479 | Depths:3 | 55479 ||| INVOKING Heroism.
 55498 | Depths:3 | 55498 ||| PLANNING SHOPPING SPREE
 55498 | Depths:3 | 55498 ||| PLANNING ZOT:1-4
 55533 | Zot:1    | Entered Level 1 of the Realm of Zot
 55534 | Zot:1    | 55534 ||| INVOKING Heroism.
 55534 | Zot:1    | Found the +4 dragonskin cloak
 55534 | Zot:1    | Noticed Tiamat
 55535 | Zot:1    | 55535 ||| INVOKING Finesse.
 55546 | Zot:1    | Received a gift from Okawaru
 55582 | Zot:1    | Received a gift from Okawaru
 55644 | Zot:1    | Killed Tiamat
 55644 | Zot:1    | Received a gift from Okawaru
 55647 | Zot:1    | Reached XP level 26. HP: 184/184 MP: 30/30
 55670 | Zot:1    | 55670 ||| INVOKING Heroism.
 55712 | Zot:1    | 55712 ||| ZAPPING wand of digging (3).
 55716 | Zot:1    | 55716 ||| ZAPPING wand of digging (2).
 55717 | Zot:1    | 55717 ||| INVOKING Heroism.
 55935 | Zot:1    | 55935 ||| ZAPPING wand of digging (1).
 55940 | Zot:1    | 55940 ||| INVOKING Heroism.
 55978 | Zot:1    | 55978 ||| INVOKING Heroism.
 55998 | Zot:1    | 55998 ||| INVOKING Heroism.
 56008 | Zot:1    | Identified the +10 crystal plate armour of the Shouting
                  | Gods {Fly Str+5} (Okawaru gifted it to you on level 1 of
                  | the Realm of Zot)
 56008 | Zot:1    | Received a gift from Okawaru
 56224 | Zot:1    | 56224 ||| INVOKING Heroism.
 56253 | Zot:1    | Reached skill level 24 in Fighting
 56296 | Zot:1    | 56296 ||| INVOKING Heroism.
 56320 | Zot:1    | HP: 40/184 [white draconian stormcaller/divine providence
                  | (15)]
 56321 | Zot:1    | 56321 ||| READING 15 scrolls of teleportation.
 56322 | Zot:1    | 56322 ||| DRINKING 7 potions of heal wounds.
 56324 | Zot:1    | 56324 ||| DRINKING 6 potions of heal wounds.
 56327 | Zot:1    | HP: 44/184 [white draconian stormcaller/divine providence
                  | (14)]
 56328 | Zot:1    | 56328 ||| DRINKING 5 potions of heal wounds.
 56330 | Zot:1    | 56330 ||| DRINKING 4 potions of heal wounds.
 56331 | Zot:1    | 56331 ||| DRINKING 3 potions of heal wounds.
 56332 | Zot:1    | 56332 ||| INVOKING Heroism.
 56335 | Zot:1    | HP: 42/184 [white draconian stormcaller/divine providence
                  | (8)]
 56336 | Zot:1    | 56336 ||| READING 14 scrolls of teleportation.
 56337 | Zot:1    | 56337 ||| DRINKING 2 potions of heal wounds.
 56338 | Zot:1    | 56338 ||| DRINKING potion of heal wounds.
 56342 | Zot:1    | HP: 41/184 [white draconian stormcaller/divine providence
                  | (11)]
 56735 | Zot:1    | 56735 ||| INVOKING Heroism.
 56776 | Zot:1    | HP: 44/184 [wind drake/the air[a white draconian
                  | stormcaller] (12)]
 56777 | Zot:1    | 56777 ||| READING 13 scrolls of teleportation.
 56780 | Zot:1    | HP: 14/184 [white draconian stormcaller/divine providence
                  | (12)]
 56781 | Zot:1    | HP: 4/184 [white draconian stormcaller/divine providence
                  | (10)]
 56787 | Zot:1    | Killed from afar by a white draconian stormcaller

Levels and vault maps discovered:
D:1:      dpeg_arrival_water_temple_mockup, layout_rooms, amethyst_killhole
D:2:      layout_loops_ring, hellmonk_ecumenical_altar_defaced_shrine,
          minivault_11
D:3:      layout_loops_ring, fedhas_altar_4, elyvilon_altar_5
D:4:      layout_basic, mainiacjoe_overflow_brackets,
          biasface_ghost_orc_armoury, st_stairs_4
D:5:      layout_cave_pools, lemuel_tele_altar,
          lemuel_mausoleum_altar_yredelemnul, serial_park, serial_park_tiny_2,
          serial_park_square1 [serial_park_minivault_5x5_8],
          serial_park_tiny_pond, serial_park_avenue1, serial_park_tiny_pond,
          bh_walls_and_bars, uniq_duvessa
D:6:      layout_loops_cross, gammafunk_temple_overflow_pools,
          lemuel_temple_firewalk_b, serial_shops, shop
D:7:      minmay_razor_zed, layout_gridville, nicolae_overflow_crystal_walls,
          zin_academy, mainiacjoe_overflow_big_doors, minmay_misc_feat_iff
D:8:      layout_basic, uniq_grum
D:9:      layout_loops_ring, grunt_temple_overflow_lords_of_destruction
D:10:     layout_cave_pods, lemuel_coloured_pillars_altar, uniq_psyche
D:11:     layout_loops_ring, erik_lair_island, david_orc_4
D:12:     layout_gridville, portal_ice_cave_demonic_guard, minmay_misc_feat_x,
          drop_trap, hangedman_decor_points, minmay_fractal_squares_gapless_7,
          uniq_maurice, uniq_fannar, uniq_erolcha
D:13:     minmay_the_grid_four_pointed_star_mashed
          [minmay_the_grid_triangle_9x9_semitri,
          minmay_the_grid_triangle_9x9_steps,
          minmay_the_grid_triangle_9x9_cache,
          minmay_the_grid_triangle_9x9_pentomino_pain,
          minmay_the_grid_prize_big_room], layout_loops_cross
D:14:     layout_basic, grunt_vaults_entry_tiered, bloody_makhleb, uniq_louise,
          uniq_rupert, uniq_jorgrun
D:15:     grunt_enter_depths_magical_seal, layout_cave_pools, minivault_23,
          uniq_azrael
Temple:   nicolae_temple_ecumenical_triangle
Lair:1:   layout_regular_city, chequers_serial_rivers_micro_e
Lair:2:   layout_layer_cave, serial_bayou_pond_c, serial_bayou_shore_b
Lair:3:   layout_regular_city, skrybe_swamp_entry_bodies,
          nicolae_spider_entry_tight_spaces, hellmonk_guarded_unrand_zhor,
          uniq_kirke
Lair:4:   regret_index_wax_grids, layout_regular_city, uniq_sonja
Lair:5:   minmay_lair_end_enchanted_forest, layout_gridlike,
          minmay_slime_entry_oklob_enclosed, gammafunk_ghost_grave,
          serial_bayou_shore_b, serial_bayou_shore_b, uniq_josephine
Swamp:1:  layout_falls_marsh, evilmike_swamp_ruin_house_2, swamp_pool3
Swamp:2:  layout_basic_swamp, hangedman_swamp_diagram, swamp_pool1,
          nzn_swamp_stair_ambush, uniq_donald
Swamp:3:  layout_basic_swamp, evilmike_swamp_ruin_house_3, swamp_pool1,
          hangedman_swamp_grove
Swamp:4:  swamp_pestilence, layout_basic_swamp, gammafunk_ghost_abyssal_escape
Spider:1: layout_chambers
Spider:2: spiders_nest_a, hellmonk_motheaten_closet
Spider:3: layout_spider_delve
Spider:4: floodkiller_spider_rune_tomb, ebering_ghost_reflecting_pool
Orc:1:    layout_diamond_mine, serial_shops, nicolae_shop_crystal
Orc:2:    kennysheep_orc_mage_school, layout_caves, serial_shops, shop_fountains
Vaults:1: ebering_ghost_rock_garden, nicolae_vaults_little_squares_3,
          gammafunk_sealed_arena, grunt_vaults_diagonal,
          hangedman_vaults_cutoff, vaults_mumra_lcd, hangedman_vaults_trim,
          layout_vaults_omnigrid, serial_shops, shop_statue
Vaults:2: gammafunk_ghost_spectres, hangedman_vaults_slither,
          nicolae_vaults_asterisk, vaults_mumra_hexcomb, v_rooms_1,
          grunt_vaults_hallway_short, minmay_crypt_entry_skeletal_spiral,
          hangedman_vaults_cutoff, v_misc_1, v_pattern_1,
          nicolae_vaults_statue_guard, layout_vaults_omnicross, uniq_jory
Vaults:3: nicolae_vaults_puzzle_piece, hangedman_vaults_locks, v_misc_33,
          ontoclasm_vaults_chip, nicolae_vaults_little_ls,
          nicolae_vaults_little_squares_5, nicolae_vaults_shelves_hall,
          vaults_dpeg_hooks, ontoclasm_vaults_ring_small, v_pattern_2,
          vaults_dpeg_diagonal, layout_vaults_chaotic_city
Vaults:4: ebering_ghost_gozag, nicolae_vaults_shelves_hall,
          nicolae_vaults_twisting_passages, ontoclasm_vaults_twist,
          hangedman_vaults_nails, nicolae_vaults_big_ls, vaults_mumra_hex,
          vaults_room_stairs_pillars, grunt_vaults_hallway_long, v_misc_29,
          hangedman_vaults_pinch, nicolae_vaults_rhombus_5,
          layout_vaults_maze_bifur
Vaults:5: uniq_bai_suzhen
Depths:1: layout_gridville, enter_ziggurat_b, minmay_misc_feat_doors,
          grunt_mini_vestibule, pan_entry, roderic_lattice_a, st_stairs_12,
          amcnicky_mini_pool_small, nicolae_sif_muna_little_library
Depths:2: lemuel_castle_with_subvaults [lemuel_castle_interior_original],
          layout_twisted_cross, grunt_pan_entry_sceptre,
          hangedman_tar_grid_catacomb, grunt_ministairs_11,
          infiniplex_staircase_pool_2
Depths:3: minmay_broken_ring, layout_cave_shapes, hangedman_abyss_entry_splay,
          pf_vacation_house_of_asmodeus, minmay_staircase_statues,
          minmay_misc_feat_cross, uniq_mara
Depths:4: grunt_zot_entry_tricorne, layout_cave_shapes, abyss_entry, hell_entry,
          minmay_st_funbox
Zot:1:    lemuel_draconian_sentries, layout_cathedral_of_symmetry, st_stairs_14,
          nicolae_lava_and_water, grunt_ministairs_8, uniq_tiamat

Skill      XL: |  1  2  3  4  5  6  7  8  9 10 11 12 13 14 15 16 17 18 19 20 21 22 23 24 25 26 |
---------------+-------------------------------------------------------------------------------+-----
Axes           | 2 3 4 5 6 7 8 10 11 12 13 15 16 17 18 | 18.0
Fighting       | 4 5 6 7 9 10 11 12 13 14 15 17 18 20 21 22 23 24 | 24.0
Armour         | 4 5 6 7 8 9 10 12 13 15 16 18 19 20 21 22 | 22.0
Dodging        | 1 2 3 4 5 6 7 8 9 10 | 10.1
Throwing       | 1 2 3 4 5 8 11 13 | 13.1
Shields        | 4 5 6 7 8 14 17 18 19 20 21 22 | 22.0
Invocations    | 2 4 6 10 | 10.0

Action                   |  1- 3 |  4- 6 |  7- 9 | 10-12 | 13-15 | 16-18 | 19-21 | 22-24 | 25-27 || total
-------------------------+-------+-------+-------+-------+-------+-------+-------+-------+-------++-------
Melee: War axe           |   154 |   109 |   244 |    99 |    41 |    32 |       |       |       ||   679
       Broad axe         |       |       |       |   504 |   938 |  1558 |  1740 |  1103 |   818 ||  6661
Throw: Boomerang         |       |    32 |    62 |    71 |    94 |   184 |   116 |    66 |     9 ||   634
       Javelin           |       |       |       |       |       |    16 |       |    76 |    25 ||   117
Invok: Heroism           |       |       |     1 |    37 |    40 |    49 |    43 |    27 |    22 ||   219
       Finesse           |       |       |       |     1 |    13 |     7 |     8 |    11 |     8 ||    48
Evoke: Wand              |       |       |       |       |       |       |       |       |     3 ||     3
  Use: Scroll            |     4 |    13 |     5 |     8 |     1 |     8 |     6 |     7 |     6 ||    58
       Potion            |     2 |     1 |     3 |     3 |       |    11 |     6 |     1 |     7 ||    34
 Stab: Distracted        |       |       |       |       |       |     1 |     1 |       |       ||     2
       Held in net/web   |       |       |       |       |       |       |       |     2 |       ||     2
       Confused          |       |       |       |       |       |       |       |       |     1 ||     1
Armor: Scale mail        |    94 |    11 |       |       |       |       |       |       |       ||   105
       Plate armour      |       |    57 |   140 |   379 |   422 |   576 |   469 |   228 |   208 ||  2479
Dodge: Dodged            |    82 |    38 |    57 |   204 |   307 |   690 |   664 |   361 |   271 ||  2674
Block: Buckler           |    38 |    17 |    33 |   177 |   286 |       |       |       |       ||   551
       Kite shield       |       |       |       |       |     2 |   170 |       |       |       ||   172
       Tower shield      |       |       |       |       |       |  1107 |  1518 |   861 |   666 ||  4152

Table legend:
 A = Non-vault XP
 B = Vault XP
 C = Vault XP percentage of total XP
 D = Non-vault monster count
 E = Vault monster count
 F = Vault count percentage of total count
                 A         B        C        D         E       F
            +---------+---------+-------+---------+---------+-------
      Total |  559821 |  435359 |  43.7 |    1250 |     749 |  37.5
            +---------+---------+-------+---------+---------+-------
        D:1 |      39 |       0 |   0.0 |      25 |       0 |   0.0
        D:2 |      67 |       6 |   8.2 |      25 |       2 |   7.4
        D:3 |     213 |       0 |   0.0 |      26 |       0 |   0.0
        D:4 |     358 |       4 |   1.1 |      23 |       2 |   8.0
        D:5 |     511 |     688 |  57.4 |      16 |      14 |  46.7
        D:6 |     736 |       0 |   0.0 |      12 |       0 |   0.0
        D:7 |    1290 |     836 |  39.3 |      18 |      12 |  40.0
        D:8 |    1080 |     419 |  28.0 |      10 |       3 |  23.1
        D:9 |    1594 |      46 |   2.8 |      28 |       1 |   3.4
       D:10 |    2446 |     383 |  13.5 |      12 |       1 |   7.7
       D:11 |    4411 |    1523 |  25.7 |      17 |      26 |  60.5
       D:12 |    7800 |    6018 |  43.6 |      33 |      10 |  23.3
       D:13 |    6308 |   14990 |  70.4 |      19 |      25 |  56.8
       D:14 |   20429 |   14165 |  40.9 |      45 |      28 |  38.4
       D:15 |    8638 |    6759 |  43.9 |      21 |      17 |  44.7
     Lair:1 |    6193 |       0 |   0.0 |      27 |       0 |   0.0
     Lair:2 |    3060 |       0 |   0.0 |      11 |       0 |   0.0
     Lair:3 |    7437 |    6208 |  45.5 |      29 |      17 |  37.0
     Lair:4 |   12384 |    9325 |  43.0 |      37 |      46 |  55.4
     Lair:5 |   20741 |   11388 |  35.4 |      55 |      55 |  50.0
    Swamp:1 |   17026 |       0 |   0.0 |      27 |       0 |   0.0
    Swamp:2 |   15436 |    5057 |  24.7 |      32 |       6 |  15.8
    Swamp:3 |   13544 |    4554 |  25.2 |      20 |       5 |  20.0
    Swamp:4 |   17154 |   11702 |  40.6 |      31 |      31 |  50.0
   Spider:1 |   12958 |       0 |   0.0 |      36 |       0 |   0.0
   Spider:2 |   19396 |   14014 |  41.9 |      49 |      60 |  55.0
   Spider:3 |   18968 |     227 |   1.2 |      49 |       1 |   2.0
   Spider:4 |   18723 |   25696 |  57.8 |      38 |      54 |  58.7
      Orc:1 |    2910 |       0 |   0.0 |      12 |       0 |   0.0
      Orc:2 |    5249 |    7497 |  58.8 |      46 |      32 |  41.0
   Vaults:1 |   39610 |    3931 |   9.0 |      59 |       7 |  10.6
   Vaults:2 |   25568 |   28176 |  52.4 |      38 |      47 |  55.3
   Vaults:3 |   29995 |   11514 |  27.7 |      44 |      15 |  25.4
   Vaults:4 |   31592 |   39770 |  55.7 |      38 |      50 |  56.8
   Vaults:5 |   30584 |   81071 |  72.6 |      40 |      70 |  63.6
   Depths:1 |   29274 |    8389 |  22.3 |      34 |       9 |  20.9
   Depths:2 |   12557 |   58555 |  82.3 |      14 |      59 |  80.8
   Depths:3 |   37828 |   22721 |  37.5 |      49 |      11 |  18.3
   Depths:4 |   15381 |   16191 |  51.3 |      14 |      15 |  51.7
      Zot:1 |   25346 |   21518 |  45.9 |      23 |      16 |  41.0
    Abyss:3 |    7842 |       0 |   0.0 |      19 |       0 |   0.0
    Abyss:4 |   27145 |    2018 |   6.9 |      49 |       2 |   3.9
            +---------+---------+-------+---------+---------+-------
